Workbook
Name CHNYC_Quicken_Categories: Budget!$A$2:$D$95
Name CHNYC_Quicken_Categories: WorkingBudget!$A$2:$A$52
Name Excel_BuiltIn_Print_Area: Budget!$A$1:$AL$95

Sheet Budget
A1: Quicken Categories for Reporting | F1: Name for | G1: Budget | H1: Actual | I1: Actual | J1: Actual | K1: Actual | L1: Net Offset | M1: Actual | N1: Net Offset | O1: Actual | P1: Net Offset | Q1: Budget | R1: Net Offset | S1: Actual | T1: Net Offset | U1: Budget | V1: Net Offset | W1: Actual | X1: Net Offset | Y1: Budget | Z1: Net Offset | AA1: Actual | AB1: Net Offset | AC1: Budget | AD1: Net Offset | AE1: Actual | AF1: Net Offset | AG1: Budget | AH1: Net Offset | AI1: Actual | AJ1: Approximate History
A2: Category | B2: Type | C2: Description | D2: Group | E2: d | F2: Input | G2: 2022 | H2: 2021 | I2: 2020 | J2: 2019 | K2: 2018 | L2: by Income | M2: 2017 | N2: by Income | O2: 2016 | P2: by Income | Q2: 2015 | R2: by Income | S2: 2015 | T2: by Income | U2: 2014 | V2: by Income | W2: 2014 | X2: by Income | Y2: 2013 | Z2: by Income | AA2: 2013 | AB2: by Income | AC2: 2012 | AD2: by Income | AE2: 2012 | AF2: by Income | AG2: 2011 | AH2: by Income | AI2: 2011 | AJ2: 2010 | AK2: 2009 | AL2: 2008
A3: Administrative Expense | B3: Expense | D3: CHNYC Expense | E3: 32
A4: Misc. | B4: Expense | C4: Miscellaneous | D4: CHNYC Expense | E4: 34 | F4: Admin | G4: =+Admin!F3 -> 0 | H4: =+Admin!G3 -> 146 | I4: =+Admin!H3 -> 30.56 | J4: =+Admin!I3 -> 0 | K4: =+Admin!J3 -> 110 | M4: =+Admin!K3 -> 57.96 | O4: =+Admin!L3 -> 866.05 | Q4: 1500 | S4: =+Admin!M3 -> 612.01 | U4: 590 | W4: =1605.13-400 -> 1205.13 | Y4: 200 | AA4: 52 | AC4: 200 | AE4: 0 | AG4: 300 | AJ4: 285 | AK4: 204 | AL4: =469+29 -> 498
A5: Office Expense | B5: Expense | D5: CHNYC Expense | E5: 35 | F5: Admin | G5: =+Admin!F4 -> 100 | H5: =+Admin!G4 -> 282.71 | I5: =+Admin!H4 -> 47.8 | J5: =+Admin!I4 -> 0 | K5: =+Admin!J4 -> 0 | M5: =+Admin!K4 -> 0 | O5: =+Admin!L4 -> 28 | Q5: 150 | S5: =+Admin!M4 -> 160.47 | U5: 150 | W5: 32.16 | Y5: 150 | AA5: 0 | AC5: 150 | AE5: 92.54 | AG5: 150 | AI5: 134.7 | AJ5: 102 | AK5: =20+114 -> 134 | AL5: =135+26 -> 161
A6: Perpetual trophy engraving | B6: Expense | D6: CHNYC Expense | E6: 36 | F6: Admin | G6: =+Admin!F5 -> 220 | H6: =+Admin!G5 -> 291 | I6: =+Admin!H5 -> 0 | J6: =+Admin!I5 -> 130.34 | K6: =+Admin!J5 -> 462.78 | M6: =+Admin!K5 -> 140 | O6: =+Admin!L5 -> 77.04 | Q6: 60 | S6: =+Admin!M5 -> 0 | U6: 50 | W6: 75 | Y6: 50 | AA6: 0 | AC6: 40 | AE6: 0 | AG6: 25 | AI6: 36.9
A7: PO Box Rental | B7: Expense | D7: CHNYC Expense | E7: 37 | F7: Admin | G7: =+Admin!F6 -> 226 | H7: =+Admin!G6 -> 226 | I7: =+Admin!H6 -> 190 | J7: =+Admin!I6 -> 176 | K7: =+Admin!J6 -> 166 | M7: =+Admin!K6 -> 160 | O7: =+Admin!L6 -> 160 | Q7: 140 | S7: =+Admin!M6 -> 154 | U7: 130 | W7: 134 | Y7: 120 | AA7: 124 | AC7: 120 | AE7: 116 | AG7: 120 | AI7: 116 | AJ7: 114 | AK7: 114 | AL7: 108
A8: Postage | B8: Expense | D8: CHNYC Expense | E8: 38 | F8: Admin | G8: =+Admin!F7 -> 0 | H8: =+Admin!G7 -> 0 | I8: =+Admin!H7 -> 0 | J8: =+Admin!I7 -> 0 | K8: =+Admin!J7 -> 0 | M8: =+Admin!K7 -> 0 | O8: =+Admin!L7 -> 0 | Q8: 25 | S8: =+Admin!M7 -> 0 | U8: 25 | W8: 0 | Y8: 25 | AA8: 0 | AC8: 25 | AE8: 0 | AG8: 75 | AJ8: 7 | AK8: 65 | AL8: =2+88 -> 90
A9: RI State Filing Fee | B9: Expense | D9: CHNYC Expense | E9: 39 | F9: Admin | G9: =+Admin!F8 -> 22 | H9: =+Admin!G8 -> 22 | I9: =+Admin!H8 -> 22 | J9: =+Admin!I8 -> 22 | K9: =+Admin!J8 -> 20 | M9: =+Admin!K8 -> 125 | O9: =+Admin!L8 -> 0 | Q9: 50 | S9: =+Admin!M8 -> 22 | U9: 25 | W9: 47 | Y9: 25 | AA9: 22 | AC9: 22 | AE9: 22 | AG9: 20 | AI9: 22 | AJ9: 20 | AK9: 20 | AL9: 20
A10: Telltale Postage | B10: Expense | D10: CHNYC Expense | E10: 40 | F10: Admin | G10: =+Admin!F9 -> 0 | H10: =+Admin!G9 -> 0 | I10: =+Admin!H9 -> 0 | J10: =+Admin!I9 -> 0 | K10: =+Admin!J9 -> 0 | M10: =+Admin!K9 -> 0 | O10: =+Admin!L9 -> 0 | Q10: 120 | S10: =+Admin!M9 -> 159.5 | U10: 240 | W10: 151.9 | Y10: 240 | AA10: 152.17 | AC10: 240 | AE10: 223.52 | AG10: 200 | AI10: 240.1 | AL10: 198
A11: Telltale Printing | B11: Expense | D11: CHNYC Expense | E11: 41 | F11: Admin | G11: =+Admin!F10 -> 0 | H11: =+Admin!G10 -> 0 | I11: =+Admin!H10 -> 0 | J11: =+Admin!I10 -> 0 | K11: =+Admin!J10 -> 0 | M11: =+Admin!K10 -> 0 | O11: =+Admin!L10 -> 0 | Q11: 500 | S11: =+Admin!M10 -> 548.8 | U11: 550 | W11: 455 | Y11: 660 | AA11: 496.91 | AC11: 660 | AE11: 575.88 | AG11: 650 | AI11: 687.35 | AJ11: 642 | AK11: =810+50 -> 860 | AL11: =227+364+227 -> 818
A12: Website Expense | B12: Expense | D12: CHNYC Expense | E12: 42 | F12: Admin | G12: =+Admin!F11 -> 700 | H12: =+Admin!G11 -> 939.42 | I12: =+Admin!H11 -> 182.58 | J12: =+Admin!I11 -> 662.76 | K12: =+Admin!J11 -> 220 | M12: =+Admin!K11 -> 290.4 | O12: =+Admin!L11 -> 290.4 | Q12: 500 | S12: =+Admin!M11 -> 227.4 | U12: 250 | W12: 425.23 | Y12: 250 | AA12: 193.83 | AC12: 250 | AE12: 202.83 | AG12: =63+116 -> 179 | AI12: 252.85 | AJ12: 25.9 | AK12: 156 | AL12: =12.95+96 -> 108.95
A13: Bank Charge | B13: Expense | C13: Bank Charge | D13: CHNYC Expense | E13: 43
A14: Check Reorder | B14: Expense | D14: CHNYC Expense | E14: 44 | F14: Admin | G14: =Admin!F12 -> 0 | H14: =Admin!G12 -> 0 | I14: =Admin!H12 -> 0 | J14: =+Admin!I12 -> 0 | K14: =+Admin!J12 -> 0 | M14: =+Admin!K12 -> 0 | O14: =+Admin!L12 -> 0 | Q14: 0 | S14: =+Admin!M12 -> 0 | U14: 0 | W14: 0 | Y14: 0 | AA14: 0 | AC14: 0 | AE14: 0 | AG14: 20 | AI14: 38.07
A15: Other | B15: Expense | D15: CHNYC Expense | E15: 45 | F15: Admin | G15: =Admin!F13 -> 0 | H15: =Admin!G13 -> 100 | I15: =Admin!H13 -> 0 | J15: =+Admin!I13 -> 230 | K15: =+Admin!J13 -> 0 | M15: =+Admin!K13 -> 0 | O15: =+Admin!L13 -> 0 | Q15: 0 | S15: =+Admin!M13 -> 0.19 | U15: 0 | W15: 0 | Y15: 0 | AA15: 1.95 | AC15: 0 | AE15: 1.95 | AG15: 0 | AI15: =0.35+1.95 -> 2.3 | AL15: 80.32
A16: PayPal Fee | B16: Expense | D16: CHNYC Expense | E16: 46 | F16: Admin | G16: =Admin!F14 -> 380 | H16: =Admin!G14 -> 212.15 | I16: =Admin!H14 -> 136.34 | J16: =+Admin!I14 -> 379.44 | K16: =+Admin!J14 -> 365.45 | M16: =+Admin!K14 -> 412.53 | O16: =+Admin!L14 -> 428.36 | Q16: 440 | S16: =+Admin!M14 -> 417.4 | U16: 300 | W16: 432.83 | Y16: 270 | AA16: 305.15 | AC16: 250 | AE16: 265.28 | AG16: =+AG84*2% -> 252.6 | AI16: 211.3
A17: Cruising Squadron Expense | B17: Expense | D17: CHNYC Expense
A18: Supplies | B18: Expense | D18: CHNYC Expense | E18: 64 | F18: Cruising | G18: =Cruising!F3 -> 0 | H18: =Cruising!G3 -> 0 | I18: =Cruising!H3 -> 0 | J18: =Cruising!I3 -> 0 | K18: =+Admin!J3 -> 110 | L18: =+Cruising!K5 -> 0 | M18: =+Cruising!K3 -> 300 | O18: =+Cruising!L3 -> 0 | Q18: 500 | S18: =+Cruising!M3 -> 571.28 | U18: 500 | W18: 0 | Y18: 100 | AA18: 0 | AC18: 100 | AE18: 0 | AG18: 100
A19: Training (Offset by Income) | B19: Expense | D19: CHNYC Expense | E19: 65 | F19: Cruising | G19: =Cruising!F4 -> 0 | H19: =Cruising!G4 -> 0 | I19: =Cruising!H4 -> 0 | J19: =Cruising!I4 -> 0 | K19: =+Admin!J4 -> 0 | L19: =+Cruising!K6 -> 0 | M19: =+Cruising!K4 -> 0 | N19: =+O19-O55 -> 0 | O19: =+Cruising!L4 -> 0 | P19: =+Q19-Q55 -> 100 | Q19: 8200 | R19: =+S19-S55 -> 0 | S19: =+Cruising!M4 -> 0 | T19: =+U19-U55 -> 100 | U19: 8200 | V19: =+W19-W55 -> 22.98 | W19: 22.98 | X19: =+Y19-Y55 -> 100 | Y19: 1000 | Z19: =+AA19-AA55 -> 0 | AA19: 0 | AB19: =+AC19-AC55 -> 100 | AC19: 1000 | AD19: =+AE19-AE55 -> 0 | AE19: 0 | AF19: =+AG19-AG55 -> 100 | AG19: 100 | AH19: =+AI19-AI55 -> -20.56 | AI19: 889.44
A20: Dues | B20: Expense | D20: CHNYC Expense | E20: 50 | AJ20: 35 | AK20: 35
A21: NBYA | B21: Expense | D21: CHNYC Expense | E21: 51 | F21: Admin | G21: =+Admin!F15 -> 125 | H21: =+Admin!G15 -> 125 | I21: =+Admin!H15 -> 125 | J21: =+Admin!I15 -> 125 | K21: =+Admin!J15 -> 125 | M21: =+Admin!K15 -> 125 | O21: =+Admin!L15 -> 100 | Q21: 100 | S21: =+Admin!M15 -> 100 | U21: 100 | W21: 100 | Y21: 100 | AA21: 100 | AC21: 100 | AE21: 100 | AG21: 100 | AI21: 100 | AJ21: 100 | AK21: 200 | AL21: 200
A22: US Sailing | B22: Expense | D22: CHNYC Expense | E22: 52 | F22: Admin | G22: =+Admin!F16 -> 225 | H22: =+Admin!G16 -> 225 | I22: =+Admin!H16 -> 225 | J22: =+Admin!I16 -> 200 | K22: =+Admin!J16 -> 190 | M22: =+Admin!K16 -> 190 | O22: =+Admin!L16 -> 200 | Q22: 175 | S22: =+Admin!M16 -> 175 | U22: 175 | W22: 175 | Y22: 175 | AA22: 0 | AC22: 0 | AE22: 175 | AG22: 150 | AI22: 300 | AJ22: 150 | AK22: 125 | AL22: 250
A23: Event Expense (Offset by Income) | B23: Expense | D23: CHNYC Expense | E23: 53
A24: Awards Dinner | B24: Expense | D24: CHNYC Expense | E24: 54 | F24: Social | G24: =Social!F3 -> 4500 | H24: =Social!G3 -> 4532.69 | I24: =Social!H3 -> 0 | J24: =Social!I3 -> 4310 | K24: =Social!J3 -> 3781.32 | L24: =Social!K8 -> 3252 | M24: =+Social!K3 -> 5024.62 | N24: =Social!L8 -> 2425 | O24: =+Social!L3 -> 2927.42 | P24: =+Q24-Q60 -> 600 | Q24: 2700 | R24: =+S24-S60 -> 1569 | S24: =+Social!M3 -> 4470 | T24: =+U24-U60 -> 400 | U24: 2500 | V24: =+W24-W60 -> 1581.61 | W24: 4688.61 | X24: =+Y24-Y60 -> 600 | Y24: 2500 | Z24: =+AA24-AA60 -> 239.21 | AA24: 2275 | AB24: =+AC24-AC60 -> 600 | AC24: 2200 | AD24: =+AE24-AE60 -> 118.77 | AE24: 2238.77 | AF24: =+AG24-AG60 -> 300 | AG24: 1500 | AH24: =+AI24-AI60 -> 511.42 | AI24: 2176.42 | AJ24: 1385 | AK24: 1926 | AL24: 131
A25: Commissioning | B25: Expense | D25: CHNYC Expense | E25: 55 | F25: Social | G25: =Social!F4 -> 0 | H25: =Social!G4 -> 0 | I25: =Social!H4 -> 500 | J25: =Social!I4 -> 3077 | K25: =Social!J4 -> 3728.91 | L25: =Social!K9 -> 2733 | M25: =+Social!K4 -> 6041.2 | N25: =Social!L9 -> 4003.32 | O25: =+Social!L4 -> 7414.79 | P25: =+Q25-Q61 -> 796 | Q25: 3096 | R25: =+S25-S61 -> 1140.4 | S25: =+Social!M4 -> 3208.4 | T25: =+U25-U61 -> 200 | U25: 2500 | V25: =+W25-W61 -> 1101.88 | W25: 3910.88 | X25: =+Y25-Y61 -> 400 | Y25: 2500 | Z25: =+AA25-AA61 -> 210.58 | AA25: 2549.58 | AB25: =+AC25-AC61 -> 400 | AC25: 2200 | AD25: =+AE25-AE61 -> 2090.95 | AE25: 4225.95 | AF25: =+AG25-AG61 -> 500 | AG25: 2000 | AH25: =+AI25-AI61 -> 1863.36 | AI25: 3698.36 | AJ25: 2010 | AK25: 1584 | AL25: 3853
A26: Social Event | B26: Expense | C26: Add tag for name of event | D26: CHNYC Expense | E26: 56 | F26: Social | G26: =Social!F5 -> 50 | H26: =Social!G5 -> 0 | I26: =Social!H5 -> 197.2 | J26: =Social!I5 -> 339.3 | K26: =Social!J5 -> 325 | L26: =+Social!K10+Social!K12 -> 170 | M26: =+Social!K5+Social!K7 -> 767.29 | N26: =+Social!L10+Social!L11+Social!L12 -> 240 | O26: =+Social!L5+Social!L6+Social!L7 -> 1108 | P26: =+Q26-Q62 -> 200 | Q26: 900 | R26: =+S26-S62 -> 352.68 | S26: =+Social!M5+Social!M6 -> 747.68 | T26: =+U26-U62 -> 200 | U26: 900 | V26: =+W26-W62 -> 295.28 | W26: 610.28 | X26: =+Y26-Y62 -> 100 | Y26: 900 | Z26: =+AA26-AA62 -> 190.91 | AA26: 759.91 | AB26: =+AC26-AC62 -> 50 | AC26: 800 | AD26: =+AE26-AE62 -> 593.91 | AE26: 853.91 | AF26: =+AG26-AG62 -> 200 | AG26: 1200 | AH26: =+AI26-AI62 -> 520.58 | AI26: 660.58 | AJ26: =660+362+183 -> 1205 | AK26: =81+23 -> 104 | AL26: =369+100+500+700 -> 1669
A27: Facilities | B27: Expense | D27: CHNYC Expense | E27: 57
A28: Mooring Maintenance | B28: Expense | D28: CHNYC Expense | E28: 58 | F28: Facilities | G28: =Facilities!F3 -> 1520 | H28: =Facilities!G3 -> 4682 | I28: =Facilities!H3 -> 400 | J28: =Facilities!I3 -> 2252 | K28: =Facilities!J3 -> 275 | L28: =Facilities!K5 -> 0 | M28: =Facilities!K3 -> 1291.49 | O28: =Facilities!L3 -> 128.94 | Q28: 500 | S28: =+Facilities!M3 -> 1463.58 | U28: 350 | W28: 0 | Y28: 0 | AA28: 0 | AC28: 1500 | AE28: 2641.25 | AG28: 0 | AK28: 1140
A29: Insurance | B29: Expense | C29: Insurance | D29: CHNYC Expense | E29: 59
A30: CHNYC Policy | B30: Expense | D30: CHNYC Expense | E30: 60 | F30: Admin | G30: =+Admin!F17 -> 700 | H30: =+Admin!G17 -> 0 | I30: =+Admin!H17 -> 0 | J30: =+Admin!I17 -> 0 | K30: =+Admin!J17 -> 0 | M30: =+Admin!K17 -> 2479 | O30: =+Admin!L17 -> 826 | Q30: 1200 | S30: =+Admin!M17 -> 1059 | U30: 900 | W30: 1009 | Y30: 900 | AA30: 908 | AC30: 605 | AE30: 844 | AG30: 600 | AI30: 605 | AJ30: 2114 | AK30: 570
A31: Shields Policy (Offset by Income) | B31: Expense | D31: CHNYC Expense | E31: 61 | F31: Shields | G31: =+Shields!F3 -> 450 | H31: =+Shields!G3 -> 1252 | I31: =+Shields!H3 -> 0 | J31: =+Shields!I3 -> 2616 | K31: =+Shields!J3 -> 2534 | M31: =+Shields!K3 -> 0 | N31: =+Shields!K8 -> 1019 | O31: =+Shields!L3 -> 1287 | P31: =+Q31-Q64 -> 0 | Q31: 1575 | R31: =+S31-S64 -> 40 | S31: 1600 | T31: =+U31-U64 -> 0 | U31: 1600 | V31: =+W31-W64 -> -6 | W31: 1569 | X31: =+Y31-Y64 -> 0 | Y31: 1200 | Z31: =+AA31-AA64 -> -13 | AA31: 1547 | AB31: =+AC31-AC64 -> 440 | AC31: 1400 | AD31: =+AE31-AE64 -> -210 | AE31: 1046 | AF31: =+AG31-AG64 -> 0 | AG31: 1400 | AH31: =+AI31-AI64 -> 156.97 | AI31: 1114 | AK31: 1442 | AL31: 1938
A32: Membership Expense | B32: Expense | D32: CHNYC Expense | E32: 62 | F32: Admin | G32: =+Admin!F18 -> 0 | H32: =+Admin!G19 -> 0 | I32: =+Admin!H18 -> 0 | J32: =+Admin!I18 -> 0 | K32: =+Admin!J18 -> 0 | M32: =+Admin!K18 -> 0 | O32: =+Admin!L18 -> 43.54 | Q32: 100 | S32: =+Admin!M18 -> 0 | U32: 50 | W32: 104.91 | Y32: 50 | AA32: 0 | AE32: 57.5
A33: Power Squadron Expense | B33: Expense | D33: CHNYC Expense | E33: 63
A34: Supplies | B34: Expense | D34: CHNYC Expense | E34: 64 | F34: Power | G34: =+Power!F3 -> 0 | H34: =+Power!G3 -> 0 | I34: =+Power!H3 -> 0 | J34: =+Power!I3 -> 0 | K34: =+Power!J3 -> 0 | M34: =+Power!K3 -> 0 | O34: =+Power!L3 -> 0 | Q34: 600 | S34: =+Power!M3 -> 0 | U34: 100 | W34: 0 | Y34: 100 | AA34: 0 | AC34: 100 | AE34: 37.93 | AG34: 100
A35: Training | B35: Expense | D35: CHNYC Expense | E35: 65 | F35: Power | G35: =+Power!F4 -> 0 | H35: =+Power!G4 -> 0 | I35: =+Power!H4 -> 0 | J35: =+Power!I4 -> 0 | K35: =+Power!J4 -> 40 | M35: =+Power!K5 -> 0 | O35: =+Power!L5 -> 0 | Q35: 0 | S35: =+Power!M5 -> 0 | U35: 0 | W35: 0 | Y35: 100 | AA35: 27.25 | AC35: 100 | AE35: 0 | AG35: 100
A36: Racing Expense | B36: Expense | D36: CHNYC Expense | E36: 66
A37: Fleet 9 Race Fee (Offset by income) | B37: Expense | D37: CHNYC Expense | E37: 67 | F37: Shields | G37: =+Shields!F5 -> 0 | H37: =+Shields!G5 -> 0 | I37: =+Shields!H5 -> 0 | J37: =+Shields!I5 -> 0 | K37: =+Shields!J5 -> 0 | M37: =+Shields!K5 -> 50 | O37: =+Shields!L5 -> 50 | P37: =+Q37-Q75 -> -70 | Q37: 50 | R37: =+S37-S75 -> -120 | S37: =+Shields!M5 -> 0 | T37: =+U37-U75 -> 50 | U37: 50 | V37: =+W37-W75 -> -50 | W37: 50 | X37: =+Y37-Y75 -> 0 | Y37: 450 | Z37: =+AA37-AA75 -> 65 | AA37: 725 | AB37: =+AC37-AC75 -> 0 | AC37: 750 | AD37: =+AE37-AE75 -> 215 | AE37: 410 | AF37: =+AG37-AG75 -> 0 | AG37: 750 | AH37: =+AI37-AI75 -> -30 | AI37: 390 | AJ37: =690+50 -> 740 | AK37: =45+540 -> 585 | AL37: 115
A38: Race Committee Supplies | B38: Expense | D38: CHNYC Expense | E38: 68 | F38: Race Comm | G38: =+'Race Comm'!F3 -> 150 | H38: =+'Race Comm'!G3 -> 120.45 | I38: =+'Race Comm'!H3 -> 255.4 | J38: =+'Race Comm'!I3 -> 0 | K38: =+'Race Comm'!J3 -> 394.86 | M38: =+'Race Comm'!K3 -> 331.43 | O38: =+'Race Comm'!L3 -> 316.35 | Q38: 725 | S38: =+'Race Comm'!M3 -> 371.94 | U38: 500 | W38: 596.97 | Y38: 450 | AA38: 482.04 | AC38: 450 | AE38: 396.57 | AG38: 450 | AI38: 323.2 | AJ38: 364 | AK38: 363 | AL38: 302
A39: Race Committee Training | B39: Expense | D39: CHNYC Expense | F39: Race Comm | G39: =+'Race Comm'!F4 -> 350 | H39: =+'Race Comm'!G4 -> 0 | I39: =+'Race Comm'!H4 -> 0 | J39: =+'Race Comm'!I4 -> 0 | K39: =+'Race Comm'!J4 -> 560 | M39: =+'Race Comm'!K4 -> 600 | O39: =+'Race Comm'!L4 -> 0 | Q39: 180 | S39: =+'Race Comm'!M4 -> 0
A40: Rhodes Race Awards | B40: Expense | D40: CHNYC Expense | E40: 69 | F40: Rhodes | G40: =+Rhodes!F3 -> 200 | H40: =+Rhodes!G3 -> 171 | I40: =+Rhodes!H3 -> 0 | J40: =+Rhodes!I3 -> 164 | K40: =+Rhodes!J3 -> 35 | M40: =+Rhodes!K3 -> 324.78 | O40: =+Rhodes!L3 -> 318.85 | Q40: 350 | S40: =+Rhodes!M3 -> 113.75 | U40: 350 | W40: 199 | Y40: 200 | AA40: 227 | AC40: 200 | AE40: 156.2 | AG40: 200 | AI40: 101.77 | AJ40: 198 | AK40: 102 | AL40: 6
A41: Shields Race Awards | B41: Expense | D41: CHNYC Expense | E41: 70 | F41: Shields | G41: =+Shields!F6 -> 0 | H41: =+Shields!G6 -> 0 | I41: =+Shields!H6 -> 0 | J41: =+Shields!I6 -> 0 | K41: =+Shields!J6 -> 0 | M41: =+Shields!K6 -> 0 | O41: =+Shields!L6 -> 41.25 | Q41: 260 | S41: =+Shields!M6 -> 129.5 | U41: 120 | W41: 259 | Y41: 100 | AA41: 215 | AC41: 100 | AE41: 82.35 | AG41: 100 | AI41: 101.78 | AJ41: 80 | AK41: 102
A42: Shields Equipment Expense | B42: Expense | D42: CHNYC Expense | E42: 70 | F42: Shields | G42: =+Shields!F7 -> 0 | H42: =+Shields!G7 -> 0 | I42: =+Shields!H7 -> 0 | J42: =+Shields!I7 -> 164.19 | K42: =+Shields!J7 -> 693.26 | M42: =+Shields!K7 -> 174.02 | O42: =+Shields!L7 -> 55.82 | Q42: 699 | S42: =+Shields!M7 -> 276.05 | U42: 55 | W42: =2915.27-2885 -> 30.27 | AA42: 974.42
A43: US Sailing Rules Book | B43: Expense | D43: CHNYC Expense | E43: 71 | F43: Race Comm | G43: =+'Race Comm'!F5 -> 0 | H43: =+'Race Comm'!G5 -> 0 | I43: =+'Race Comm'!H5 -> 0 | J43: =+'Race Comm'!I5 -> 0 | K43: =+'Race Comm'!J5 -> 0 | M43: =+'Race Comm'!K5 -> 0 | O43: =+'Race Comm'!L5 -> 0 | Q43: 0 | S43: =+'Race Comm'!M5 -> 0 | U43: 0 | W43: 0 | Y43: 100 | AA43: 0 | AC43: 50 | AE43: 0 | AG43: 50 | AK43: 255
A44: Winslow Cup | B44: Expense | D44: CHNYC Expense | E44: 72 | F44: Race Comm | G44: =+'Race Comm'!F6 -> 0 | H44: =+'Race Comm'!G6 -> 0 | I44: =+'Race Comm'!H11 -> 0 | J44: =+'Race Comm'!I11 -> 442.22 | K44: =+'Race Comm'!J11 -> 231.13 | M44: =+'Race Comm'!K11 -> 627.36 | O44: =+'Race Comm'!L11 -> 453.29 | Q44: 330 | S44: =+'Race Comm'!M11 -> 754.05 | U44: 180 | W44: 18 | Y44: 300 | AA44: 97.68 | AC44: 300 | AE44: 0 | AG44: 300 | AI44: 190.9 | AJ44: 306 | AK44: 465 | AL44: 171
A45: Sail Training Expense | B45: Expense | D45: CHNYC Expense | E45: 73
A46: Incentives & Awards | B46: Expense | D46: CHNYC Expense | E46: 74 | F46: Training | G46: =+Training!F4 -> 0 | H46: =+Training!G4 -> 0 | I46: =+Training!H4 -> 0 | J46: =+Training!I4 -> 0 | K46: =+Training!J4 -> 50 | M46: =+Training!K4 -> 203 | O46: =+Training!L4 -> 0 | Q46: 1000 | S46: =+Training!N4 -> 1151.78 | U46: 500 | W46: 52.7 | Y46: 500 | AA46: 606.26 | AC46: 500 | AE46: 299.12 | AG46: 500 | AI46: 399.74 | AK46: 370
A47: Instruction | B47: Expense | D47: CHNYC Expense | E47: 75 | F47: Training | G47: =+Training!F5 -> 1000 | H47: =+Training!G5 -> 0 | I47: =+Training!H5 -> 0 | J47: =+Training!I5 -> 1014 | K47: =+Training!J5 -> 808.21 | M47: =+Training!K5 -> 532.3 | O47: =+Training!L5 -> 0 | Q47: 400 | S47: =+Training!N5 -> 506.76 | U47: 100 | W47: 352.36 | Y47: 50 | AA47: 114.51 | AC47: 50 | AE47: 16.13 | AG47: 20 | AI47: 107.21 | AK47: 16 | AL47: 30
A48: Ship's Store Expense | B48: Expense | D48: CHNYC Expense | E48: 76 | AJ48: 1585 | AK48: 874 | AL48: 2392
A49: Apparel | B49: Expense | D49: CHNYC Expense | E49: 77 | F49: Store | G49: =+Store!F4 -> 0 | H49: =+Store!G4 -> 0 | I49: =+Store!H4 -> 0 | J49: =+Store!I4 -> 0 | K49: =+Store!J4 -> 0 | M49: =+Store!K4 -> 0 | O49: =+Store!L4 -> 0 | Q49: 0 | S49: =+Store!M4 -> 0 | U49: 0 | W49: 0 | Y49: 0 | AA49: 0 | AC49: 0 | AE49: 129.95 | AG49: 100 | AI49: 9.45
A50: Burgees | B50: Expense | D50: CHNYC Expense | E50: 78 | F50: Store | G50: =+Store!F5 -> 630 | H50: =+Store!G5 -> 617.7 | I50: =+Store!H5 -> 0 | J50: =+Store!I5 -> 0 | K50: =+Store!J5 -> 660.415 | L50: 700 | M50: =+Store!K5 -> 626.37 | N50: =Store!L9 -> 685 | O50: =+Store!L5 -> 623.41 | P50: =+Q50-Q82 -> 0 | Q50: 600 | R50: =+S50-S82 -> 117.57 | S50: =+Store!M5 -> 665.07 | T50: =+U50-U82 -> 0 | U50: 300 | V50: =+W50-W82 -> -543.79 | W50: 26.21 | X50: =+Y50-Y82 -> 0 | Y50: 600 | Z50: =+AA50-AA82 -> 181.12 | AA50: 591.12 | AB50: =+AC50-AC82 -> 0 | AC50: 500 | AD50: =+AE50-AE82 -> 208.12 | AE50: 578.62 | AF50: =+AG50-AG82 -> 0 | AG50: 500 | AH50: =+AI50-AI82 -> 491.12 | AI50: 541.12
A51: Other | B51: Expense | D51: CHNYC Expense | E51: 79 | F51: Store | G51: =+Store!F6 -> 741.5 | H51: =+Store!G6 -> 741.5 | I51: =+Store!H6 -> 0 | J51: =+Store!I6 -> 58.56 | K51: =+Store!J6 -> 0 | M51: =+Store!K6 -> 0 | O51: =+Store!L6 -> 0 | Q51: 0 | S51: =+Store!M6 -> 0 | U51: 0 | W51: 0 | Y51: 150 | AA51: 0 | AC51: 0 | AE51: 177.71 | AG51: 0 | AI51: 535.85
A52: Total Expense | G52: =SUM(G3:G51) -> 12289.5 | H52: =SUM(H3:H51) -> 14686.62 | I52: =SUM(I3:I51) -> 2311.88 | J52: =SUM(J3:J51) -> 16362.81 | K52: =SUM(K3:K51) -> 15886.335 | M52: =SUM(M3:M51) -> 20873.75 | O52: =SUM(O3:O51) -> 17744.51 | Q52: =SUM(Q3:Q51) -> 27725 | S52: =SUM(S3:S51) -> 19665.61 | U52: =SUM(U3:U51) -> 22340 | W52: =SUM(W3:W51) -> 16733.42 | Y52: =SUM(Y3:Y51) -> 14515 | AA52: =SUM(AA3:AA51) -> 13547.78 | AC52: =SUM(AC3:AC51) -> 14962 | AE52: =SUM(AE3:AE51) -> 15966.96 | AG52: =SUM(AG3:AG51) -> 12311.6 | AI52: =SUM(AI3:AI51) -> 13986.39 | AJ52: =SUM(AJ3:AJ51) -> 11467.9 | AK52: =SUM(AK3:AK51) -> 11811 | AL52: =SUM(AL3:AL51) -> 13139.27
A53: Cruising Squadron Income | B53: Income | D53: CHNYC Income
A54: Supplies | B54: Income | D54: CHNYC Income | F54: Cruising | G54: =Cruising!F5 -> 0 | H54: =Cruising!G5 -> 0 | I54: =Cruising!H5 -> 0 | J54: =Cruising!I5 -> 0 | K54: =Cruising!J5 -> 0 | M54: =+Cruising!K5 -> 0 | O54: =+Cruising!L5 -> 0 | Q54: 0 | S54: =+Cruising!M5 -> 0 | U54: 0 | W54: 0 | Y54: 0 | AA54: 0
A55: Training | B55: Income | D55: CHNYC Income | F55: Cruising | G55: =Cruising!F6 -> 0 | H55: =Cruising!G6 -> 0 | I55: =Cruising!H6 -> 0 | J55: =Cruising!I6 -> 0 | K55: =Cruising!J6 -> 0 | M55: =+Cruising!K6 -> 0 | O55: =+Cruising!L6 -> 0 | Q55: 8100 | S55: =+Cruising!M6 -> 0 | U55: 8100 | W55: 0 | Y55: 900 | AA55: 0 | AC55: 900 | AI55: 910
A56: Donation Income | B56: Income | D56: CHNYC Income | E56: 6
A57: Designated Donation | B57: Income | C57: Add Tag for designation | D57: CHNYC Income | E57: 7 | F57: Admin | G57: =Admin!F19 -> 0 | H57: =Admin!G19 -> 0 | I57: =Admin!H19 -> 0 | J57: =Admin!I19 -> 0 | K57: =Admin!J19 -> 0 | M57: =+Admin!K19 -> 0 | O57: =+Admin!L19 -> 0 | Q57: 0 | S57: =+Admin!M19 -> 0.02 | U57: 0 | W57: 5 | Y57: 150 | AA57: 1000.01 | AC57: 150 | AE57: 1996.01 | AI57: 166.44
A58: Unrestricted Income | B58: Income | D58: CHNYC Income | E58: 8 | F58: Admin | G58: =Admin!F20 -> 100 | H58: =Admin!G20 -> 245 | I58: =Admin!H20 -> 100 | J58: =Admin!I20 -> 95 | K58: =Admin!J20 -> 0 | M58: =+Admin!K20 -> 145 | O58: =+Admin!L20 -> 102.07 | Q58: 0 | S58: =+Admin!M20 -> 75.01 | U58: 0 | W58: 95.02 | Y58: 100 | AA58: 209.98 | AC58: 50 | AE58: 160 | AG58: 250 | AI58: =55.2+0.44 -> 55.64
A59: Event Income | B59: Income | C59: CHNYC Event Income | D59: CHNYC Income | E59: 9
A60: Awards Dinner | B60: Income | D60: CHNYC Income | E60: 10 | F60: Social | G60: =Social!F8 -> 3500 | H60: =Social!G8 -> 2285.87 | I60: =Social!H8 -> 0 | J60: =Social!I8 -> 2764.72 | K60: =Social!J8 -> 2408.56 | M60: =+Social!K8 -> 3252 | O60: =+Social!L8 -> 2425 | Q60: 2100 | S60: =+Social!M8 -> 2901 | U60: 2100 | W60: 3107 | Y60: 1900 | AA60: 2035.79 | AC60: 1600 | AE60: 2120 | AG60: 1200 | AI60: 1665 | AJ60: 1130 | AK60: 1323 | AL60: 1580
A61: Commissioning | B61: Income | D61: CHNYC Income | E61: 11 | F61: Social | G61: =Social!F9 -> 0 | H61: =Social!G9 -> 0 | I61: =Social!H9 -> 0 | J61: =Social!I9 -> 4050 | K61: =Social!J9 -> 2803.15 | M61: =+Social!K9 -> 2733 | O61: =+Social!L9 -> 4003.32 | Q61: 2300 | S61: =+Social!M9 -> 2068 | U61: 2300 | W61: 2809 | Y61: 2100 | AA61: 2339 | AC61: 1800 | AE61: 2135 | AG61: 1500 | AI61: 1835 | AJ61: 1160 | AK61: 1666 | AL61: 3120
A62: Social Event | B62: Income | C62: Add Event Title as Tag | D62: CHNYC Income | E62: 12 | F62: Social | G62: =Social!F10 -> 50 | H62: =Social!G10 -> 250 | I62: =Social!H10 -> 160 | J62: =Social!I10 -> 330 | K62: =Social!J10 -> 372.55 | M62: =+Social!K10+Social!K12 -> 170 | O62: =+Social!L10+Social!L12 -> 240 | Q62: 700 | S62: =+Social!M10+Social!M12 -> 395 | U62: 700 | W62: 315 | Y62: 800 | AA62: 569 | AC62: 750 | AE62: 260 | AG62: 1000 | AI62: 140 | AJ62: =560+175 -> 735 | AL62: 485
A63: Insurance Income | B63: Income | C63: Income for Insurance | D63: CHNYC Income | E63: 13
A64: Shields Insurance Income | B64: Income | D64: CHNYC Income | E64: 14 | F64: Shields | G64: =Shields!F8 -> 450 | H64: =Shields!G8 -> 340 | I64: =Shields!H8 -> 0 | J64: =Shields!I8 -> 462 | K64: =Shields!J8 -> 1080 | M64: =+Shields!K8 -> 1019 | O64: =+Shields!L8 -> 1281 | Q64: 1575 | S64: =+Shields!M8 -> 1560 | U64: 1600 | W64: 1575 | Y64: 1200 | AA64: 1560 | AC64: 960 | AE64: 1256 | AG64: 1400 | AI64: 957.03 | AJ64: 1340 | AK64: 1170 | AL64: 1140
A65: Interest Inc | B65: Income | C65: Interest Income | D65: CHNYC Income | E65: 15 | F65: Admin | G65: =Admin!F21 -> 6 | H65: =Admin!G21 -> 9.59 | I65: =Admin!H21 -> 34.91 | J65: =Admin!I21 -> 33.95 | K65: =Admin!J21 -> 33.23 | M65: =+Admin!K21 -> 50.52 | O65: =+Admin!L21 -> 60.25 | Q65: 30 | S65: =+Admin!M21 -> 35.41 | U65: 30 | W65: 32.27 | Y65: 30 | AA65: 31.33 | AC65: 10 | AE65: 38.51 | AG65: 10 | AI65: 8.41 | AL65: 6.31
A66: Membership Dues | B66: Income | D66: CHNYC Income | E66: 16
A67: Family | B67: Income | D67: CHNYC Income | E67: 17 | F67: Admin | G67: =Admin!F22 -> 6390 | H67: =Admin!G22 -> 805 | I67: =Admin!H22 -> 4265 | J67: =Admin!I22 -> 5240 | K67: =Admin!J22 -> 5355 | M67: =+Admin!K22 -> 6745 | O67: =+Admin!L22 -> 5928.93 | Q67: 7100 | S67: =+Admin!M22 -> 7060 | U67: 4500 | W67: 7125 | Y67: 4100 | AA67: 4900 | AC67: 3700 | AE67: 4048 | AG67: 3500 | AI67: 3710 | AJ67: =3361+175 -> 3536 | AK67: =3280+445 -> 3725 | AL67: =3440+35 -> 3475
A68: Individual | B68: Income | C68: Individual Dues | D68: CHNYC Income | E68: 18 | F68: Admin | G68: =Admin!F23 -> 1435 | H68: =Admin!G23 -> 225 | I68: =Admin!H23 -> 1268.66 | J68: =Admin!I23 -> 1150 | K68: =Admin!J23 -> 1350 | M68: =+Admin!K23 -> 1375 | O68: =+Admin!L23 -> 1250 | Q68: 2200 | S68: =+Admin!M23 -> 2240 | U68: 1850 | W68: 2240 | Y68: 1850 | AA68: 1360 | AC68: 1775 | AE68: 1840 | AG68: 2000 | AI68: 1775 | AJ68: =1700+275 -> 1975 | AK68: =1625+275 -> 1900 | AL68: =2890+175 -> 3065
A69: Other Inc | B69: Income | C69: Other Income | D69: CHNYC Income | E69: 19 | F69: Admin | G69: =Admin!F24 -> 350 | H69: =Admin!G24 -> 100 | I69: =Admin!H24 -> 101 | J69: =Admin!I24 -> 0 | K69: =Admin!J24 -> 0 | M69: =+Admin!K24 -> 0 | O69: =+Admin!L24 -> 0 | Q69: 0 | S69: =+Admin!M24 -> 35.19 | U69: 0 | W69: =603.5-400 -> 203.5 | Y69: 0 | AA69: 0
A70: Power Squadron Income | B70: Income | D70: CHNYC Income | E70: 63
A71: Supplies | B71: Income | D71: CHNYC Income | E71: 64 | F71: Power | G71: =Power!F6 -> 0 | H71: =Power!G6 -> 0 | I71: =Power!H6 -> 0 | J71: =Power!I6 -> 0 | K71: =Power!J6 -> 0 | M71: =+Power!K6 -> 0 | O71: =+Power!L6 -> 0 | Q71: 0 | S71: =+Power!M6 -> 0 | U71: 0 | W71: 0 | Y71: 0 | AA71: 0
A72: Training | B72: Income | D72: CHNYC Income | E72: 65 | F72: Power | G72: =Power!F7 -> 0 | H72: =Power!G7 -> 0 | I72: =Power!H7 -> 0 | J72: =Power!I7 -> 0 | K72: =Power!J7 -> 0 | M72: =+Power!K7 -> 0 | O72: =+Power!L7 -> 0 | Q72: 0 | S72: =+Power!M7 -> 0 | U72: 0 | W72: 0 | Y72: 0 | AA72: 0
A73: Race Income | B73: Income | D73: CHNYC Income | E73: 20
A74: Rhodes | B74: Income | C74: Add Tag for Sping or Fall | D74: CHNYC Income | E74: 21 | F74: Rhodes | G74: =Rhodes!F4 -> 500 | H74: =Rhodes!G4 -> 995 | I74: =Rhodes!H4 -> 50 | J74: =Rhodes!I4 -> 350 | K74: =Rhodes!J4 -> 725 | M74: =+Rhodes!K4 -> 325 | O74: =+Rhodes!L4 -> 500 | Q74: 500 | S74: =+Rhodes!M4 -> 650 | U74: 500 | W74: 450 | Y74: 425 | AA74: 570 | AC74: 400 | AE74: 425 | AG74: 300 | AI74: 400 | AJ74: 300 | AK74: 240 | AL74: =240+140 -> 380
A75: Shields | B75: Income | D75: CHNYC Income | E75: 22 | F75: Shields | G75: =Shields!F10 -> 150 | H75: =Shields!G10 -> 75 | I75: =Shields!H10 -> 0 | J75: =Shields!I10 -> 683 | K75: =Shields!J10 -> 0 | M75: =Shields!K10 -> 317 | O75: =+Shields!L10 -> 60 | Q75: 120 | S75: =+Shields!M10 -> 120 | U75: 0 | W75: 100 | Y75: 450 | AA75: 660 | AC75: 750 | AE75: 195 | AG75: 750 | AI75: 420 | AJ75: 735 | AK75: 770 | AL75: =560+35 -> 595
A76: US Sailing Rules Book | B76: Income | D76: CHNYC Income | E76: 23 | F76: Race Comm | G76: ='Race Comm'!F12 -> 0 | H76: ='Race Comm'!G12 -> 0 | I76: ='Race Comm'!H12 -> 0 | J76: ='Race Comm'!I12 -> 918 | K76: ='Race Comm'!J12 -> 0 | M76: =+'Race Comm'!K12 -> 0 | O76: =+'Race Comm'!L12 -> 0 | Q76: 0 | S76: 0 | U76: 0 | W76: 0 | Y76: 300 | AA76: 0 | AC76: 50 | AG76: 50 | AK76: 265
A77: Winslow Cup | B77: Income | C77: Add Shields or Rhodes Tag | D77: CHNYC Income | E77: 24 | F77: Race Comm | G77: ='Race Comm'!F13 -> 0 | H77: ='Race Comm'!G13 -> 0 | I77: ='Race Comm'!H13 -> 0 | J77: ='Race Comm'!I13 -> 0 | K77: ='Race Comm'!J13 -> 0 | M77: =+'Race Comm'!K13+Shields!K11 -> 125 | O77: =+'Race Comm'!L13+Shields!L11 -> 125 | Q77: 400 | S77: =+'Race Comm'!M13+Shields!M11 -> 150 | U77: 360 | W77: 125 | Y77: 200 | AA77: 150 | AC77: 100 | AE77: 200 | AG77: 150 | AI77: 100 | AJ77: 150 | AK77: 195 | AL77: 150
A78: Sail Training Income | B78: Income | D78: CHNYC Income | E78: 25
A79: Check Rides | B79: Income | D79: CHNYC Income | E79: 26 | F79: Rhodes | G79: =Rhodes!F5 -> 0 | H79: =Rhodes!G5 -> 0 | I79: =Rhodes!H5 -> 0 | J79: =Rhodes!I5 -> 0 | K79: =Rhodes!J5 -> 0 | M79: =+Rhodes!K5 -> 0 | O79: =+Rhodes!L5 -> 0 | Q79: 0 | S79: =+Rhodes!M5 -> 38.41 | U79: 0 | W79: 0 | Y79: 20 | AA79: 0 | AC79: 20 | AG79: 20 | AI79: 20 | AJ79: 20 | AK79: 30 | AL79: =62+23 -> 85
A80: Ship's Store Income | B80: Income | D80: CHNYC Income | E80: 27 | AJ80: 1931 | AL80: =2235+285 -> 2520
A81: Apparel | B81: Income | D81: CHNYC Income | E81: 28 | F81: Store | G81: =Store!F8 -> 0 | H81: =Store!G8 -> 0 | I81: =Store!H8 -> 0 | J81: =Store!I8 -> 0 | K81: =Store!J8 -> 0 | M81: =+Store!K8 -> 0 | O81: =+Store!L8 -> 0 | Q81: 0 | S81: =+Store!M8 -> 197.85 | U81: 0 | W81: 309.8 | Y81: 250 | AA81: 936.65 | AC81: 250 | AE81: 778 | AG81: 0 | AI81: 1821.4
A82: Burgees | B82: Income | D82: CHNYC Income | E82: 29 | F82: Store | G82: =Store!F9 -> 630 | H82: =Store!G9 -> 446.71 | I82: =Store!H9 -> 140.64 | J82: =Store!I9 -> 389.62 | K82: =Store!J9 -> 473 | M82: =+Store!K9 -> 382.5 | O82: =+Store!L9 -> 685 | Q82: 600 | S82: =+Store!M9 -> 547.5 | U82: 300 | W82: 570 | Y82: 600 | AA82: 410 | AC82: 500 | AE82: 370.5 | AG82: 500 | AI82: 50
A83: Other | B83: Income | D83: CHNYC Income | E83: 30 | F83: Store | G83: =Store!F10 -> 741.5 | H83: =Store!G10 -> 0 | I83: =Store!H10 -> 0 | J83: =Store!I10 -> 0 | K83: =Store!J10 -> 0 | M83: =+Store!K10 -> 40 | O83: =+Store!L10 -> 0 | Q83: 0 | S83: =+Store!M10 -> 0 | U83: 0 | W83: 8 | Y83: 0 | AA83: 28
A84: Total Income | G84: =SUM(G53:G83) -> 14302.5 | H84: =SUM(H53:H83) -> 5777.17 | I84: =SUM(I53:I83) -> 6120.21 | J84: =SUM(J53:J83) -> 16466.29 | K84: =SUM(K53:K83) -> 14600.49 | M84: =SUM(M53:M83) -> 16679.02 | O84: =SUM(O53:O83) -> 16660.57 | Q84: =SUM(Q53:Q83) -> 25725 | S84: =SUM(S53:S83) -> 18073.39 | U84: =SUM(U53:U83) -> 22340 | W84: =SUM(W53:W83) -> 19069.59 | Y84: =SUM(Y53:Y83) -> 15375 | AA84: =SUM(AA53:AA83) -> 16759.76 | AC84: =SUM(AC53:AC83) -> 13765 | AE84: =SUM(AE53:AE83) -> 15822.02 | AG84: =SUM(AG53:AG83) -> 12630 | AI84: =SUM(AI53:AI83) -> 14033.92 | AJ84: =SUM(AJ53:AJ83) -> 13012 | AK84: =SUM(AK53:AK83) -> 11284 | AL84: =SUM(AL53:AL83) -> 16601.31
A85: Net Income less (Expense) | G85: =G84-G52 -> 2013 | H85: =H84-H52 -> -8909.45 | I85: =I84-I52 -> 3808.33 | J85: =J84-J52 -> 103.48 | K85: =K84-K52 -> -1285.845 | M85: =M84-M52 -> -4194.73 | O85: =+O84-O52 -> -1083.94 | Q85: =+Q84-Q52 -> -2000 | S85: =+S84-S52 -> -1592.22 | U85: =+U84-U52 -> 0 | W85: =+W84-W52 -> 2336.17 | Y85: =+Y84-Y52 -> 860 | AA85: =+AA84-AA52 -> 3211.98 | AC85: =+AC84-AC52 -> -1197 | AE85: =+AE84-AE52 -> -144.94 | AG85: =+AG84-AG52 -> 318.4 | AI85: =+AI84-AI52 -> 47.53 | AJ85: =+AJ84-AJ52 -> 1544.1 | AK85: =+AK84-AK52 -> -527 | AL85: =+AL84-AL52 -> 3462.04
A86: Capital Fundraising | D86: Passthrough Expense | E86: 47
A87: Shields Fund | C87: Add tag for reason | D87: Passthrough Expense | E87: 48 | Y87: -3780 | AA87: -3780 | AI87: 1035 | AJ87: 2745
A88: Shields Fund Prev Year | D88: Passthrough Expense | E88: 49 | AE88: 3780 | AI88: 2745
A89: Yacht Club Reciprocity Income | C89: YC name as tag | D89: Passthrough Income | S89: 36.75 | W89: 49.25 | AE89: 256.94
A90: Yacht Club Reciprocity (Expense) | C90: YC name as tag | D90: Passthrough Expense | E90: 80 | S90: -36.74 | W90: -48.06 | AE90: -256.93
A91: Treasurer error income | W91: -400
A92: Treasurer error expense | W92: 400
A93: Shields Damage payment | D93: Passthrough Expense | W93: -2885
A94: Insurance Check Shields Damage | D94: Passthrough Expense | AA94: 2681.5
A95: Community Donation | C95: Add tag for reason | D95: Passthrough Income | E95: 4
A96: Net Income less (Expense) | G96: =SUM(G85:G95) -> 2013 | H96: =SUM(H85:H95) -> -8909.45 | I96: =SUM(I85:I95) -> 3808.33 | J96: =SUM(J85:J95) -> 103.48 | K96: =SUM(K85:K95) -> -1285.845 | M96: =SUM(M85:M95) -> -4194.73 | O96: =SUM(O85:O95) -> -1083.94 | S96: =SUM(S85:S95) -> -1592.21 | U96: =SUM(U85:U95) -> 0 | W96: =SUM(W85:W95) -> -547.64 | AA96: =SUM(AA85:AA95) -> 2113.48
A97: Includes Passthrough
S99: Sanity Check
S100: 19702.35 | T100: Quicken Expenses
S101: =+S100+S90 -> 19665.61 | T101: Less YC Reciprocity
...

Sheet Cruising
A1: Quicken Categories for Reporting | F1: Proposed | G1: Actual | H1: Actual | I1: Actual | J1: Actual | K1: Actual | L1: Actual | M1: Actual | N1: Actual | O1: Actual | P1: Actual | Q1: Actual | R1: Approximate History
A2: Category | B2: Type | C2: Description | D2: Group | E2: Code | F2: 2022 | G2: 2021 | H2: 2020 | I2: 2019 | J2: 2018 | K2: 2017 | L2: 2016 | M2: 2015 | N2: 2014 | O2: 2013 | P2: 2012 | Q2: 2011 | R2: 2010 | S2: 2009 | T2: 2008
A3: Supplies | B3: Cruising Squadron | D3: CHNYC Expense | E3: 64 | F3: 0 | G3: 0 | H3: 0 | I3: 0 | J3: 300 | K3: 300 | L3: 0 | M3: =571.28+M15 -> 571.28 | N3: 0 | O3: 0 | P3: 0
A4: Training | B4: Cruising Squadron | D4: CHNYC Expense | E4: 65 | F4: 0 | G4: 0 | H4: 0 | I4: 0 | J4: 0 | K4: 0 | L4: 0 | M4: =+M16 -> 0 | N4: 22.98 | O4: 0 | P4: 0 | Q4: 889.44
A5: Supplies | B5: Cruising Squadron | D5: CHNYC Income | F5: 0 | G5: 0 | H5: 0 | I5: 0 | J5: 0 | K5: 0 | L5: 0 | M5: =+M17 -> 0 | N5: 0 | O5: 0
A6: Training | B6: Cruising Squadron | D6: CHNYC Income | F6: 0 | G6: 0 | H6: 0 | I6: 0 | J6: 0 | K6: 0 | L6: 0 | M6: =+M18 -> 0 | N6: 0 | O6: 0 | Q6: 910
A7: Net | F7: =+F9+F8 -> 0 | G7: =+G9+G8 -> 0 | H7: =+H9+H8 -> 0 | I7: =+I9+I8 -> 0 | J7: =+J9+J8 -> -300 | K7: =+K9+K8 -> -300 | L7: =+L9+L8 -> 0 | M7: =+M9+M8 -> -571.28 | ... Q7: =+Q9+Q8 -> 20.56
A8: Income | F8: =SUM(F5:F6) -> 0 | G8: =SUM(G5:G6) -> 0 | H8: =SUM(H5:H6) -> 0 | I8: =SUM(I5:I6) -> 0 | J8: =SUM(J5:J6) -> 0 | K8: =SUM(K5:K6) -> 0 | L8: =SUM(L5:L6) -> 0 | M8: =SUM(M5:M6) -> 0 | ... Q8: =SUM(Q5:Q6) -> 910
A9: Expense | F9: =-SUM(F3:F4) -> 0 | G9: =-SUM(G3:G4) -> 0 | H9: =-SUM(H3:H4) -> 0 | I9: =-SUM(I3:I4) -> 0 | J9: =-SUM(J3:J4) -> -300 | K9: =-SUM(K3:K4) -> -300 | L9: =-SUM(L3:L4) -> 0 | M9: =-SUM(M3:M4) -> -571.28 | ... Q9: =-SUM(Q3:Q4) -> -889.44
A13: Planning Deltas to sum in above | F13: Budget | G13: Budget | H13: Budget | I13: Budget | J13: Budget | K13: Actual | L13: Actual | M13: Actual
A14: Category | B14: Type | C14: Description | D14: Group | E14: Code | F14: =F2 -> 2022 | G14: =G2 -> 2021 | H14: =H2 -> 2020 | I14: =I2 -> 2019 | J14: =J2 -> 2018 | K14: =K2 -> 2017 | L14: 2016 | M14: 2015
A15: Supplies | B15: Cruising Squadron | D15: CHNYC Expense | E15: 64 | F15: 0 | G15: 0 | H15: 0 | I15: 300 | J15: 300 | K15: 300 | M15: 0
A16: Training | B16: Cruising Squadron | D16: CHNYC Expense | E16: 65 | M16: 0
A17: Supplies | B17: Cruising Squadron | D17: CHNYC Income | M17: 0
A18: Training | B18: Cruising Squadron | D18: CHNYC Income | M18: 0
A21: Total Planning Delta Expense | M21: =SUM(M15:M16) -> 0
A22: Total Planning Delta Income | M22: =SUM(M17:M18) -> 0
A23: Net Planning Delta | M23: =+M22-M21 -> 0

Sheet Facilities
A1: Quicken Categories for Reporting | F1: Proposed | G1: Actual | H1: Actual | I1: Actual | J1: Actual | K1: Actual | L1: Actual | M1: Actual | N1: Actual | O1: Actual | P1: Actual | Q1: Actual | R1: Approximate History
A2: Category | B2: Type | C2: Description | D2: Group | E2: Code | F2: 2022 | G2: 2021 | H2: 2020 | I2: 2019 | J2: 2018 | K2: 2017 | L2: 2016 | M2: 2015 | N2: 2014 | O2: 2013 | P2: 2012 | Q2: 2011 | R2: 2010 | S2: 2009 | T2: 2008
A3: Mooring Maintenance | B3: Facilities | D3: CHNYC Expense | E3: 58 | F3: 1520 | G3: 4682 | H3: 400 | I3: 2252 | J3: 275 | K3: 1291.49 | L3: 128.94 | M3: 1463.58 | N3: 0 | O3: 0 | P3: 2641 | S3: 1140
A4: Race mark | F4: 100 | G4: 100
D5: CHNYC Income | F5: 0 | G5: 0 | H5: 0 | I5: 0 | J5: 0 | K5: 0 | L5: 0 | M5: =+M17 -> 0
A6: Net | F6: =+F7+F8 -> -1520 | G6: =+G7+G8 -> -4682 | H6: =+H7+H8 -> -400 | I6: =+I7+I8 -> -2252 | J6: =+J7+J8 -> -275 | K6: =+K7+K8 -> -1291.49 | L6: =+L7+L8 -> -128.94 | M6: =+M7+M8 -> -1463.58 | ... T6: =+T7+T8 -> 0
A7: Income | F7: =SUM(F5:F5) -> 0 | G7: =SUM(G5:G5) -> 0 | H7: =SUM(H5:H5) -> 0 | I7: =SUM(I5:I5) -> 0 | J7: =SUM(J5:J5) -> 0 | K7: =SUM(K5:K5) -> 0 | L7: =SUM(L5:L5) -> 0 | M7: =SUM(M5:M5) -> 0 | ... T7: =SUM(T5:T5) -> 0
A8: Expense | F8: =-SUM(F3:F3) -> -1520 | G8: =-SUM(G3:G3) -> -4682 | H8: =-SUM(H3:H3) -> -400 | I8: =-SUM(I3:I3) -> -2252 | J8: =-SUM(J3:J3) -> -275 | K8: =-SUM(K3:K3) -> -1291.49 | L8: =-SUM(L3:L3) -> -128.94 | M8: =-SUM(M3:M3) -> -1463.58 | ... T8: =-SUM(T3:T3) -> 0
A11: 2015 SRM15 Maintenance | C11: Oldport quote | F11: 0 | G11: 0 | H11: 0 | I11: 500 | J11: 500 | K11: 500 | L11: 500 | M11: 500
A14: Planning Deltas to sum in above | F14: Budget | G14: Budget | H14: Budget | I14: Budget | J14: Budget | K14: Actual | L14: Actual | M14: Actual
A15: Category | B15: Type | C15: Description | D15: Group | E15: Code | F15: =F2 -> 2022 | G15: =G2 -> 2021 | H15: =H2 -> 2020 | I15: =I2 -> 2019 | J15: =J2 -> 2018 | K15: =K2 -> 2017 | L15: 2016 | M15: 2015
A16: Mooring Maintenance | B16: Facilities | D16: CHNYC Expense | E16: 58 | F16: 0 | G16: 0 | H16: 0 | I16: 500 | J16: 500 | K16: 1291.49 | N16: Paint for SRM15
D17: CHNYC Income | F17: 0 | G17: 0 | H17: 0 | I17: 0 | J17: 0 | K17: 0 | M17: 0
A20: Total Planning Delta Expense | F20: =F16 -> 0 | G20: =G16 -> 0 | H20: =H16 -> 0 | I20: =I16 -> 500 | J20: =J16 -> 500 | K20: =K16 -> 1291.49 | M20: =+M16 -> 0
A21: Total Planning Delta Income | F21: =F17 -> 0 | G21: =G17 -> 0 | H21: =H17 -> 0 | I21: =I17 -> 0 | J21: =J17 -> 0 | K21: =K17 -> 0 | M21: =+M17 -> 0
A22: Net Planning Delta | M22: =+M21-M20 -> 0

Sheet Admin
A1: Quicken Categories for Reporting | F1: Proposed | G1: Actual | H1: Actual | I1: Actual | J1: Actual | K1: Actual | L1: Actual | M1: Actual | N1: Actual | O1: Actual | P1: Actual | Q1: Actual | R1: Approximate History
A2: Category | B2: Type | C2: Description | D2: Group | E2: Code | F2: 2022 | G2: 2021 | H2: 2020 | I2: 2019 | J2: 2018 | K2: 2017 | L2: 2016 | M2: 2015 | N2: 2014 | O2: 2013 | P2: 2012 | Q2: 2011 | R2: 2010 | S2: 2009 | T2: 2008
A3: Misc./flowers | B3: Administrative | C3: Miscellaneous | D3: CHNYC Expense | E3: 34 | F3: 0 | G3: 146 | H3: 30.56 | I3: 0 | J3: 110 | K3: 57.96 | L3: 866.05 | M3: 612.01 | N3: =1605.13-400 -> 1205.13 | O3: 0 | P3: 0 | R3: 285 | S3: 204 | T3: =469+29 -> 498
A4: Office Expense | B4: Administrative | D4: CHNYC Expense | E4: 35 | F4: 100 | G4: =199.35+83.36 -> 282.71 | H4: 47.8 | I4: 0 | J4: 0 | K4: 0 | L4: 28 | M4: 160.47 | N4: 32.16 | O4: 0 | P4: 92.54 | Q4: 134.7 | R4: 102 | S4: =20+114 -> 134 | T4: =135+26 -> 161
A5: Perpetual trophy engraving | B5: Administrative | D5: CHNYC Expense | E5: 36 | F5: 220 | G5: =171+120 -> 291 | H5: 0 | I5: 130.34 | J5: 462.78 | K5: 140 | L5: 77.04 | M5: =+M32 -> 0 | N5: 75 | O5: 52 | P5: 0 | Q5: 36.9
A6: PO Box Rental | B6: Administrative | D6: CHNYC Expense | E6: 37 | F6: 226 | G6: 226 | H6: 190 | I6: 176 | J6: 166 | K6: 160 | L6: 160 | M6: =154+M33 -> 154 | N6: 134 | O6: 124 | P6: 116 | Q6: 116 | R6: 114 | S6: 114 | T6: 108
A7: Postage | B7: Administrative | D7: CHNYC Expense | E7: 38 | F7: 0 | G7: 0 | H7: 0 | I7: 0 | J7: 0 | K7: 0 | L7: 0 | M7: =+M34 -> 0 | N7: 0 | O7: 0 | P7: 0 | R7: 7 | S7: 65 | T7: =2+88 -> 90
A8: RI State Filing Fee | B8: Administrative | D8: CHNYC Expense | E8: 39 | F8: 22 | G8: 22 | H8: 22 | I8: 22 | J8: 20 | K8: 125 | L8: 0 | M8: =22+M35 -> 22 | N8: 47 | O8: 22 | P8: 22 | Q8: 22 | R8: 20 | S8: 20 | T8: 20
A9: Telltale Postage | B9: Administrative | D9: CHNYC Expense | E9: 40 | F9: 0 | G9: 0 | H9: 0 | I9: 0 | J9: 0 | K9: 0 | L9: 0 | M9: =159.5+M36 -> 159.5 | N9: 151.9 | O9: 152 | P9: 223.52 | Q9: 240.1 | T9: 198
A10: Telltale Printing | B10: Administrative | D10: CHNYC Expense | E10: 41 | F10: 0 | G10: 0 | H10: 0 | I10: 0 | J10: 0 | K10: 0 | L10: 0 | M10: =548.8+M37 -> 548.8 | N10: 455 | O10: 497 | P10: 575.88 | Q10: 687.35 | R10: 642 | S10: =810+50 -> 860 | T10: =227+364+227 -> 818
A11: Website Expense | B11: Administrative | D11: CHNYC Expense | E11: 42 | F11: 700 | G11: =160.39+55.24+63+21.17+39.86+599.76 -> 939.42 | H11: 182.58 | I11: 662.76 | J11: 220 | K11: 290.4 | L11: 290.4 | M11: =227.4+M38 -> 227.4 | N11: 425.23 | O11: 193.83 | P11: 202.83 | Q11: 252.85 | R11: 25.9 | S11: 156 | T11: =12.95+96 -> 108.95
A12: Check Reorder | B12: Administrative | D12: CHNYC Expense | E12: 44 | F12: 0 | G12: 0 | H12: 0 | I12: 0 | J12: 0 | K12: 0 | L12: 0 | M12: =+M39 -> 0 | N12: 0 | O12: 0 | P12: 0 | Q12: 38.07
A13: Other//Flowers | B13: Administrative | D13: CHNYC Expense | E13: 45 | F13: 0 | G13: 100 | H13: 0 | I13: 230 | J13: 0 | K13: 0 | L13: 0 | M13: 0.19 | N13: 0 | O13: 1.95 | P13: 1.95 | Q13: =0.35+1.95 -> 2.3 | T13: 80.32
A14: PayPal Fee | B14: Administrative | D14: CHNYC Expense | E14: 46 | F14: 380 | G14: 212.15 | H14: 136.34 | I14: 379.44 | J14: 365.45 | K14: 412.53 | L14: 428.36 | M14: 417.4 | N14: 432.83 | O14: 305 | P14: 265.28 | Q14: 211.3
A15: NBYA | B15: Administrative | D15: CHNYC Expense | E15: 51 | F15: 125 | G15: 125 | H15: 125 | I15: 125 | J15: 125 | K15: 125 | L15: 100 | M15: =100+M42 -> 100 | N15: 100 | O15: 100 | P15: 100 | Q15: 100 | R15: 100 | S15: 200 | T15: 200
A16: US Sailing | B16: Administrative | D16: CHNYC Expense | E16: 52 | F16: 225 | G16: 225 | H16: 225 | I16: 200 | J16: 190 | K16: 190 | L16: 200 | M16: =175+M43 -> 175 | N16: 175 | O16: 0 | P16: 175 | Q16: 300 | R16: 150 | S16: 125 | T16: 250
A17: CHNYC Burgee Insurance Policy-CHUBB | B17: Administrative | D17: CHNYC Expense | E17: 60 | F17: 700 | G17: 0 | H17: 0 | I17: 0 | J17: 0 | K17: 2479 | L17: 826 | M17: =1059+M44 -> 1059 | N17: 1009 | O17: 908 | P17: 844 | Q17: 605 | R17: 2114 | S17: 570
A18: Membership Expense J109 | B18: Administrative | D18: CHNYC Expense | E18: 62 | F18: 0 | G18: 0 | H18: 0 | I18: 0 | J18: 0 | K18: 0 | L18: 43.54 | M18: =+M45 -> 0 | N18: 104.91 | O18: 0 | P18: 57.5
A19: Designated Donation | B19: Administrative | C19: Add Tag for designation | D19: CHNYC Income | E19: 7 | M19: =0.02+M46 -> 0.02 | N19: 5 | O19: 1000.01 | P19: 1996.01 | Q19: 166.44
A20: Unrestricted Income | B20: Administrative | D20: CHNYC Income | E20: 8 | F20: 100 | G20: 245 | H20: 100 | I20: 95 | J20: 0 | K20: 145 | L20: 102.07 | M20: =75.01+M47 -> 75.01 | N20: 95.02 | O20: 209.98 | P20: 160 | Q20: =55.2+0.44 -> 55.64
A21: Interest Inc | B21: Administrative | C21: Interest Income | D21: CHNYC Income | E21: 15 | F21: 6 | G21: 9.59 | H21: 34.91 | I21: 33.95 | J21: 33.23 | K21: 50.52 | L21: 60.25 | M21: 35.41 | N21: 32.27 | O21: 31 | P21: 38.51 | Q21: 8.41 | T21: 6.31
A22: Family | B22: Administrative | C22: Family Dues | D22: CHNYC Income | E22: 17 | F22: =142*45 -> 6390 | G22: 805 | H22: 4265 | I22: 5240 | J22: 5355 | K22: 6745 | L22: 5928.93 | M22: 7060 | N22: 7125 | O22: 4900 | P22: 4048 | Q22: 3710 | R22: =3361+175 -> 3536 | S22: =3280+445 -> 3725 | T22: =3440+35 -> 3475 | U22: =H22/35 -> 121.85714 | V22: =50*153 -> 7650
A23: Individual | B23: Administrative | C23: Individual Dues | D23: CHNYC Income | E23: 18 | F23: =41*35 -> 1435 | G23: 225 | H23: 1268.66 | I23: 1150 | J23: 1350 | K23: 1375 | L23: 1250 | M23: 2240 | N23: 2240 | O23: 1360 | P23: 1840 | Q23: 1775 | R23: =1700+275 -> 1975 | S23: =1625+275 -> 1900 | T23: =2890+175 -> 3065 | U23: =H23/25 -> 50.7464 | V23: =54*35 -> 1890
A24: Other Inc. Wreaths | B24: Administrative | C24: Other Income | D24: CHNYC Income | E24: 19 | F24: 350 | G24: 100 | H24: 101 | L24: 0 | M24: 35.19 | N24: 203.5 | O24: 0 | U24: =SUM(U22:U23) -> 172.60354 | V24: =V22+V23 -> 9540
A25: Net | F25: =+F26+F27 -> 5583 | G25: =+G26+G27 -> -1184.69 | H25: =+H26+H27 -> 4810.29 | I25: =+I26+I27 -> 4593.41 | J25: =+J26+J27 -> 5079 | K25: =+K26+K27 -> 4335.63 | L25: =+L26+L27 -> 4321.86 | M25: =+M26+M27 -> 5809.86 | ... T25: =+T26+T27 -> 4014.04 | U25: members | V25: =I22-I23 -> 4090
A26: Income | F26: =SUM(F19:F24) -> 8281 | G26: =SUM(G19:G24) -> 1384.59 | H26: =SUM(H19:H24) -> 5769.57 | I26: =SUM(I19:I24) -> 6518.95 | J26: =SUM(J19:J24) -> 6738.23 | K26: =SUM(K19:K24) -> 8315.52 | L26: =SUM(L19:L24) -> 7341.25 | M26: =SUM(M19:M24) -> 9445.63 | ... T26: =SUM(T19:T24) -> 6546.31
A27: Expense | F27: =-SUM(F3:F18) -> -2698 | G27: =-SUM(G3:G18) -> -2569.28 | H27: =-SUM(H3:H18) -> -959.28 | I27: =-SUM(I3:I18) -> -1925.54 | J27: =-SUM(J3:J18) -> -1659.23 | K27: =-SUM(K3:K18) -> -3979.89 | L27: =-SUM(L3:L18) -> -3019.39 | M27: =-SUM(M3:M18) -> -3635.77 | ... T27: =-SUM(T3:T18) -> -2532.27
A29: Planning Deltas to sum in above
A30: Misc. | B30: Administrative | C30: Miscellaneous | D30: CHNYC Expense | E30: 34 | M30: 0
A31: Office Expense | B31: Administrative | D31: CHNYC Expense | E31: 35 | M31: 0
A32: Perpetual trophy engraving | B32: Administrative | D32: CHNYC Expense | E32: 36 | M32: 0
A33: PO Box Rental | B33: Administrative | D33: CHNYC Expense | E33: 37 | M33: 0
A34: Postage | B34: Administrative | D34: CHNYC Expense | E34: 38 | M34: 0
A35: RI State Filing Fee | B35: Administrative | D35: CHNYC Expense | E35: 39 | M35: 0
A36: Telltale Postage | B36: Administrative | D36: CHNYC Expense | E36: 40 | M36: 0
A37: Telltale Printing | B37: Administrative | D37: CHNYC Expense | E37: 41 | M37: 0
A38: Website Expense | B38: Administrative | D38: CHNYC Expense | E38: 42 | M38: 0
A39: Check Reorder | B39: Administrative | D39: CHNYC Expense | E39: 44 | M39: 0
A40: Other | B40: Administrative | D40: CHNYC Expense | E40: 45 | M40: 0
A41: PayPal Fee | B41: Administrative | D41: CHNYC Expense | E41: 46 | M41: 0
A42: NBYA | B42: Administrative | D42: CHNYC Expense | E42: 51 | M42: 0
... A45: Membership Expense | B45: Administrative | D45: CHNYC Expense | E45: 62 | M45: 0
A46: Designated Donation | B46: Administrative | C46: Add Tag for designation | D46: CHNYC Income | E46: 7 | M46: 0
A47: Unrestricted Income | B47: Administrative | D47: CHNYC Income | E47: 8 | M47: 0
A48: Interest Inc | B48: Administrative | C48: Interest Income | D48: CHNYC Income | E48: 15 | M48: 0
A49: Family | B49: Administrative | C49: Family Dues | D49: CHNYC Income | E49: 17 | M49: 0
A50: Individual | B50: Administrative | C50: Individual Dues | D50: CHNYC Income | E50: 18 | M50: 0
A51: Other Inc. | B51: Administrative | C51: Other Income | D51: CHNYC Income | E51: 19 | M51: 0
A53: Total Planning Delta Expense | M53: =SUM(M30:M45) -> 0
A54: Total Planning Delta Income | M54: =SUM(M46:M51) -> 0
A55: Net Planning Delta | M55: =+M54-M53 -> 0

Sheet Race Comm
A1: Quicken Categories for Reporting | F1: Proposed | G1: Actual | H1: Actual | I1: Actual | J1: Actual | K1: Actual | L1: Actual | M1: Actual | N1: Actual | O1: Actual | P1: Actual | Q1: Actual | R1: Approximate History
A2: Category | B2: Type | C2: Description | D2: Group | E2: Code | F2: 2022 | G2: 2021 | H2: 2020 | I2: 2019 | J2: 2018 | K2: 2017 | L2: 2016 | M2: 2015 | N2: 2014 | O2: 2013 | P2: 2012 | Q2: 2011 | R2: 2010 | S2: 2009 | T2: 2008
A3: Race Committee Supplies | B3: Race Committee | D3: CHNYC Expense | E3: 68 | F3: 150 | G3: 120.45 | H3: 255.4 | I3: 0 | J3: 394.86 | K3: 331.43 | L3: 316.35 | M3: =371.94+M35 -> 371.94 | N3: 596.97 | O3: 482 | P3: 396.57 | Q3: 323.2 | R3: 364 | S3: 363 | T3: 302
A4: Race Committee Training | B4: Race Committee | D4: CHNYC Expense | F4: 350 | G4: 0 | H4: 0 | I4: 0 | J4: 560 | K4: =K22 -> 600 | L4: 0 | M4: =+M36 -> 0
A5: US Sailing Rules Book | B5: Race Committee | D5: CHNYC Expense | E5: 71 | F5: 0 | G5: 0 | H5: 0 | I5: 0 | J5: 0 | K5: 0 | L5: 0 | M5: =+M37 -> 0 | N5: 0 | O5: 0 | P5: 0 | S5: 255
A6: Race Marks w/storage bag/tck | B6: Race Committee | D6: CHNYC Expense | F6: 0 | G6: 0 | H6: 0 | I6: 0 | J6: 0 | K6: =K21 -> 0
A7: US Sailing Rules Book | B7: Race Committee | D7: CHNYC Expense | F7: 0 | G7: 0 | H7: 0 | I7: 0 | J7: 0 | K7: 0
A8: Crossroads Regatta | B8: Race Committee | D8: CHNYC Expense | F8: 0 | G8: 0 | H8: 0 | I8: 0 | J8: 100 | K8: 0
A9: SNA Regatta | B9: Race Committee | D9: CHNYC Expense | F9: 0 | G9: 0 | H9: 0 | I9: 0 | J9: 0
A10: Winter Race Rules Seminar | B10: Race Committee | D10: CHNYC Expense | F10: 0 | G10: 0 | H10: 0 | I10: 0 | J10: 0 | K10: =K27 -> 150
A11: Winslow Cup Awards | B11: Race Committee | D11: CHNYC Expense | E11: 72 | F11: 150 | G11: 100.37 | H11: 0 | I11: 442.22 | J11: 231.13 | K11: 627.36 | L11: 453.29 | M11: 754.05 | N11: 18 | O11: 98 | P11: 0 | Q11: 190.9 | R11: 306 | S11: 465 | T11: 171
A12: US Sailing Rules Book | B12: Race Committee | D12: CHNYC Income | E12: 23 | F12: 0 | G12: 0 | H12: 0 | I12: 918 | J12: 0 | K12: 0 | L12: 0 | M12: =+M39 -> 0 | N12: 0 | O12: 0 | S12: 265
A13: Winslow Cup | B13: Race Committee | C13: Add Shields | D13: CHNYC Income | E13: 24 | F13: 0 | G13: 0 | H13: 0 | I13: 0 | J13: 0 | K13: 0 | L13: 0 | M13: =150+M40 -> 150 | N13: 0 | P13: 200 | Q13: 100 | R13: 150 | S13: 195 | T13: 150
A14: Net | F14: =+F16+F15 -> -650 | G14: =+G16+G15 -> -220.82 | H14: =+H16+H15 -> -255.4 | I14: =+I16+I15 -> 475.78 | J14: =+J16+J15 -> -1285.99 | K14: =+K16+K15 -> -1708.79 | L14: =+L16+L15 -> -769.64 | M14: =+M16+M15 -> -975.99 | ... T14: =+T16+T15 -> -323
A15: Income | F15: =SUM(F12:F13) -> 0 | G15: =SUM(G12:G13) -> 0 | H15: =SUM(H12:H13) -> 0 | I15: =SUM(I12:I13) -> 918 | J15: =SUM(J12:J13) -> 0 | K15: =SUM(K12:K13) -> 0 | L15: =SUM(L12:L13) -> 0 | M15: =SUM(M12:M13) -> 150 | ... T15: =SUM(T12:T13) -> 150
A16: Expense | F16: =-SUM(F3:F11) -> -650 | G16: =-SUM(G3:G11) -> -220.82 | H16: =-SUM(H3:H11) -> -255.4 | I16: =-SUM(I3:I11) -> -442.22 | J16: =-SUM(J3:J11) -> -1285.99 | K16: =-SUM(K3:K11) -> -1708.79 | L16: =-SUM(L3:L11) -> -769.64 | M16: =-SUM(M3:M11) -> -1125.99 | ... T16: =-SUM(T3:T11) -> -473
N18: 1 | O18: The RC's two inflatable race marks were the personal property of Chuck Kesson
A19: Race Chair Recommended 2017 budget | O19: For 2015, the RC is requesting funds to purchase one mark with storage bag and tackle.
A20: Race Committee Supplies | F20: =F3 -> 150 | G20: =G3 -> 120.45 | H20: =H3 -> 255.4 | I20: =I3 -> 0 | J20: =J3 -> 394.86 | K20: =300+300 -> 600 | L20: 500
A21: Race Marks with Storage Bag and Tackle | F21: =F6 -> 0 | G21: =G6 -> 0 | H21: =H6 -> 0 | I21: =I6 -> 0 | J21: =J6 -> 0 | K21: 0 | L21: 225 | M21: 1 | N21: 2 | O21: Race Training Management Training Seminar for two people $40 each, required US Sailing Membership $50 each
A22: Race Management Training | F22: =F4 -> 350 | G22: =G4 -> 0 | H22: =H4 -> 0 | I22: =I4 -> 0 | J22: =J4 -> 560 | K22: =80*2+60*2+200+60*2 -> 600 | L22: 180 | M22: 2 | O22: US Sailing Membership provides $60 in gift card to West Marine.
A23: US Sailing Rules Book | F23: =F7 -> 0 | G23: =G7 -> 0 | H23: =H7 -> 0 | I23: =I7 -> 0 | J23: =J7 -> 0 | K23: 50 | L23: 50 | M23: 3 | O23: Gift card will be applied toward race mark or supplies
A24: Winslow Cup | F24: =F11 -> 150 | G24: =G11 -> 100.37 | H24: =H11 -> 0 | I24: =I11 -> 442.22 | J24: =J11 -> 231.13 | K24: =75+75+66+10 -> 226 | L24: =160+80+90 -> 330 | M24: 4
A25: Crossroads Regatta | F25: =F8 -> 0 | G25: =G8 -> 0 | H25: =H8 -> 0 | I25: =I8 -> 0 | J25: =J8 -> 100 | K25: 200
A26: SNA Regatta | F26: 100 | G26: 100 | H26: 100 | I26: 100 | J26: 100
A27: Winter Race Rules Seminar | F27: =F10 -> 0 | G27: =G10 -> 0 | H27: =H10 -> 0 | I27: =I10 -> 0 | J27: =J10 -> 0 | K27: 150
A28: Subtotal | F28: =SUM(F20:F27) -> 750 | G28: =SUM(G20:G27) -> 320.82 | H28: =SUM(H20:H27) -> 355.4 | I28: =SUM(I20:I27) -> 542.22 | J28: =SUM(J20:J27) -> 1385.99 | K28: =SUM(K20:K27) -> 1826 | L28: =SUM(L20:L24) -> 1285 | N28: 3 | O28: US Sailing Rules Book will be provided at N/C with membership.
N30: 4 | O30: Winslow Cup 1st and 2nd place trophies for Shields and Rhodes is guess-timated at $40 each: $160
O31: Add Third Place Trophies for Shields and Rhodes Awards: $80
O32: Lunch and drinks for 5 RC at $8 each, water for racers $50
A33: Planning Deltas to sum in above | F33: Budget | G33: Budget | H33: Budget | I33: Budget | J33: Budget | K33: Actual | L33: Actual | M33: Actual
A34: Category | B34: Type | C34: Description | D34: Group | E34: Code | F34: =F2 -> 2022 | G34: =G2 -> 2021 | H34: =H2 -> 2020 | I34: =I2 -> 2019 | J34: =J2 -> 2018 | K34: =K2 -> 2017 | L34: 2016 | M34: 2015
A35: Race Committee Supplies | B35: Race Committee | D35: CHNYC Expense | E35: 68 | F35: 600 | G35: 600 | H35: 600 | I35: 600 | J35: 600 | K35: 600 | M35: 0
A36: Race Committee Training | B36: Race Committee | D36: CHNYC Expense | F36: 600 | G36: 600 | H36: 600 | I36: 600 | J36: 600 | K36: 600 | M36: 0
A37: US Sailing Rules Book | B37: Race Committee | D37: CHNYC Expense | E37: 71 | F37: 50 | G37: 50 | H37: 50 | I37: 50 | J37: 50 | K37: 50 | M37: 0
A38: Winslow Cup | B38: Race Committee | D38: CHNYC Expense | E38: 72 | F38: =F24 -> 150 | G38: =G24 -> 100.37 | H38: =H24 -> 0 | I38: =I24 -> 442.22 | J38: =J24 -> 231.13 | K38: 226 | M38: 0
A39: Intercup end of year race | B39: Race Committee | D39: CHNYC Expense | F39: 200 | G39: 200 | H39: 200 | I39: 200 | J39: 200 | K39: 200 | M39: 0
A40: Winter Race Rules Seminar | B40: Race Committee | D40: CHNYC Expense | F40: 150 | G40: 150 | H40: 150 | I40: 150 | J40: 150 | K40: 150 | M40: 0
A41: US Sailing Rules Book | B41: Race Committee | D41: CHNYC Income | E41: 23 | F41: 0 | G41: 0 | H41: 0 | I41: 0 | J41: 0 | K41: 0
A42: Winslow Cup | B42: Race Committee | C42: Add Shields | D42: CHNYC Income | E42: 24 | F42: 0 | G42: 0 | H42: 0 | I42: 0 | J42: 0 | K42: 0
M43: =SUM(M35:M38) -> 0
M44: =SUM(M39:M40) -> 0
A45: Total Planning Delta Expense | F45: =F35+F36+F37+F38+F39+F40 -> 1750 | G45: =G35+G36+G37+G38+G39+G40 -> 1700.37 | H45: =H35+H36+H37+H38+H39+H40 -> 1600 | I45: =I35+I36+I37+I38+I39+I40 -> 2042.22 | J45: =J35+J36+J37+J38+J39+J40 -> 1831.13 | K45: =K35+K36+K37+K38+K39+K40 -> 1826 | M45: =+M44-M43 -> 0
A46: Total Planning Delta Income | F46: =F41 -> 0 | G46: =G41 -> 0 | H46: =H41 -> 0 | I46: =I41 -> 0 | J46: =J41 -> 0 | K46: =K41 -> 0
A47: Net Planning Delta

Sheet Training
A1: Quicken Categories for Reporting | F1: Budget | G1: Actual | H1: Actual | I1: Actual | J1: Actual | K1: Actual | L1: Budget | M1: Actual | N1: Actual | O1: Actual | P1: Actual | Q1: Actual | R1: Actual | S1: Approximate History
A2: Category | B2: Type | C2: Description | D2: Group | E2: Code | F2: 2022 | G2: 2021 | H2: 2020 | I2: 2019 | J2: 2018 | K2: 2017 | L2: 2016 | M2: 2016 | N2: 2015 | O2: 2014 | P2: 2013 | Q2: 2012 | R2: 2011 | S2: 2010 | T2: 2009 | U2: 2008
A3: Sail Training Expense | B3: Sail Training | D3: CHNYC Expense | E3: 73 | F3: 0 | G3: 0 | H3: 0 | I3: 0 | J3: 0 | K3: 735.3 | L3: 0 | M3: =+M15 -> 0 | N3: =+N15 -> 0
A4: Incentives & Awards | B4: Sail Training | D4: CHNYC Expense | E4: 74 | F4: 0 | G4: 0 | H4: 0 | I4: 0 | J4: 50 | K4: 203 | L4: 0 | M4: =1151.78+M16 -> 1151.78 | N4: =1151.78+N16 -> 1151.78 | O4: 52.7 | P4: 606.26 | Q4: 299.12 | R4: 399.74 | T4: 370
A5: Instruction | B5: Sail Training | D5: CHNYC Expense | E5: 75 | F5: 1000 | G5: 0 | H5: 0 | I5: 1014 | J5: 808.21 | K5: 532.3 | L5: 0 | M5: =506.76+M17 -> 506.76 | N5: =506.76+N17 -> 506.76 | O5: 352.36 | P5: 115 | Q5: 16.13 | R5: 107.21 | T5: 16 | U5: 30
A6: Sail Training Income | B6: Sail Training | D6: CHNYC Income | F6: 0 | G6: 0 | H6: 0 | I6: 918 | J6: =+J18 -> 0 | K6: 60 | L6: =+L18 -> 0 | M6: =+M18 -> 0 | N6: =+N18 -> 0 | O6: 0
A7: Net | F7: =+F9+F8 -> -1000 | G7: =+G9+G8 -> 0 | H7: =+H9+H8 -> 0 | I7: =+I9+I8 -> -96 | J7: =+J9+J8 -> -858.21 | K7: =+K9+K8 -> -1410.6 | L7: =+L9+L8 -> 0 | M7: =+M9+M8 -> -1658.54 | ... U7: =+U9+U8 -> -30
A8: Income | F8: =SUM(F6:F6) -> 0 | G8: =SUM(G6:G6) -> 0 | H8: =SUM(H6:H6) -> 0 | I8: =SUM(I6:I6) -> 918 | J8: =SUM(J6:J6) -> 0 | K8: =SUM(K6:K6) -> 60 | L8: =SUM(L6:L6) -> 0 | M8: =SUM(M6:M6) -> 0 | ... U8: =SUM(U6:U6) -> 0
A9: Expense | F9: =-SUM(F3:F5) -> -1000 | G9: =-SUM(G3:G5) -> 0 | H9: =-SUM(H3:H5) -> 0 | I9: =-SUM(I3:I5) -> -1014 | J9: =-SUM(J3:J5) -> -858.21 | K9: =-SUM(K3:K5) -> -1470.6 | L9: =-SUM(L3:L5) -> 0 | M9: =-SUM(M3:M5) -> -1658.54 | ... U9: =-SUM(U3:U5) -> -30
A13: Planning Deltas to sum in above | F13: Budget | G13: Budget | H13: Budget | I13: Budget | J13: Budget | K13: Actual | L13: Budget | M13: Actual | N13: Actual
A14: Category | B14: Type | C14: Description | D14: Group | E14: Code | F14: =F2 -> 2022 | G14: =G2 -> 2021 | H14: =H2 -> 2020 | I14: =I2 -> 2019 | J14: =J2 -> 2018 | K14: =K2 -> 2017 | L14: 2016 | M14: 2015 | N14: 2015
A15: Sail Training Expense | B15: Sail Training | D15: CHNYC Expense | E15: 73 | F15: 0 | G15: 0 | H15: 0 | I15: 0 | J15: 0 | K15: 0 | L15: 50 | M15: 0 | N15: 0
A16: Incentives & Awards | B16: Sail Training | D16: CHNYC Expense | E16: 74 | F16: 0 | G16: 0 | H16: 0 | I16: 0 | J16: 0 | K16: 0 | L16: 1000 | M16: 0 | N16: 0
A17: Instruction | B17: Sail Training | D17: CHNYC Expense | E17: 75 | F17: 0 | G17: 0 | H17: 0 | I17: 0 | J17: 0 | K17: 0 | L17: 400 | M17: 0 | N17: 0
A18: Sail Training Income | B18: Sail Training | D18: CHNYC Income | F18: 0 | G18: 0 | H18: 0 | I18: 0 | J18: 0 | K18: 0 | L18: 0 | M18: 0 | N18: 0
A20: Total Planning Delta Expense | M20: =SUM(M15:M17) -> 0 | N20: =SUM(N15:N17) -> 0
A21: Total Planning Delta Income | M21: =+M18 -> 0 | N21: =+N18 -> 0
A22: Net Planning Delta | M22: =+M21-M20 -> 0 | N22: =+N21-N20 -> 0

Sheet Power
A1: Quicken Categories for Reporting | F1: Budget | G1: Actual | H1: Actual | I1: Actual | J1: Actual | K1: Actual | L1: Actual | M1: Actual | N1: Actual | O1: Actual | P1: Actual | Q1: Actual | R1: Approximate History
A2: Category | B2: Type | C2: Description | D2: Group | E2: Code | F2: 2022 | G2: 2021 | H2: 2020 | I2: 2019 | J2: 2018 | K2: 2017 | L2: 2016 | M2: 2015 | N2: 2014 | O2: 2013 | P2: 2012 | Q2: 2011 | R2: 2010 | S2: 2009 | T2: 2008
A3: Supplies | B3: Power Squadron | D3: CHNYC Expense | E3: 64 | F3: 0 | G3: 0 | H3: 0 | I3: 0 | J3: 0 | K3: 0 | L3: 0 | M3: =+M18 -> 0 | N3: 0 | O3: 0 | P3: 37.93
A4: Dingy | B4: Power Squadron | D4: CHNYC Expense | F4: 0 | G4: 0 | H4: 0 | I4: 0 | J4: 40 | K4: 200 | L4: 40
A5: Training | B5: Power Squadron | D5: CHNYC Expense | E5: 65 | F5: 0 | G5: 0 | H5: 0 | I5: 0 | J5: 0 | K5: 0 | L5: 0 | M5: =+M19 -> 0 | N5: 0 | O5: 27.25 | P5: 0
A6: Supplies | B6: Power Squadron | D6: CHNYC Income | E6: 63 | F6: 0 | G6: 0 | H6: 0 | I6: 0 | J6: 0 | K6: 0 | L6: 0 | M6: =+M20 -> 0 | N6: 0 | O6: 0
A7: Training | B7: Power Squadron | D7: CHNYC Income | E7: 65 | F7: 0 | G7: 0 | H7: 0 | I7: 0 | J7: 0 | K7: 0 | L7: 0 | M7: =+M21 -> 0 | N7: 0 | O7: 0
A8: Net | F8: =+F10+F9 -> 0 | G8: =+G10+G9 -> 0 | H8: =+H10+H9 -> 0 | I8: =+I10+I9 -> 0 | J8: =+J10+J9 -> -40 | K8: =+K10+K9 -> -200 | L8: =+L10+L9 -> -40 | M8: =+M10+M9 -> 0 | ... P8: =+P10+P9 -> -37.93
A9: Income | F9: =-SUM(F6:F7) -> 0 | G9: =-SUM(G6:G7) -> 0 | H9: =-SUM(H6:H7) -> 0 | I9: =-SUM(I6:I7) -> 0 | J9: =-SUM(J6:J7) -> 0 | K9: =-SUM(K6:K7) -> 0 | L9: =-SUM(L6:L7) -> 0 | M9: =-SUM(M6:M7) -> 0 | ... P9: =-SUM(P6:P7) -> 0
A10: Expense | F10: =-SUM(F3:F5) -> 0 | G10: =-SUM(G3:G5) -> 0 | H10: =-SUM(H3:H5) -> 0 | I10: =-SUM(I3:I5) -> 0 | J10: =-SUM(J3:J5) -> -40 | K10: =-SUM(K3:K5) -> -200 | L10: =-SUM(L3:L5) -> -40 | M10: =-SUM(M3:M5) -> 0 | ... P10: =-SUM(P3:P5) -> -37.93
A13: Supplies includes $100 misc. plus $500 subsidy for social event associated with cruise
A16: Planning Deltas to sum in above | F16: Budget | G16: Budget | H16: Budget | I16: Budget | J16: Budget | K16: Actual | L16: Actual | M16: Actual
A17: Category | B17: Type | C17: Description | D17: Group | E17: Code | F17: =F2 -> 2022 | G17: =G2 -> 2021 | H17: =H2 -> 2020 | I17: =I2 -> 2019 | J17: =J2 -> 2018 | K17: =K2 -> 2017 | L17: 2016 | M17: 2015
A18: Supplies | B18: Power Squadron | D18: CHNYC Expense | E18: 64 | F18: 0 | G18: 0 | H18: 0 | I18: 40 | J18: 40 | K18: 200 | M18: 0
A19: Training | B19: Power Squadron | D19: CHNYC Expense | E19: 65 | F19: 0 | G19: 0 | H19: 0 | I19: 0 | J19: 0 | K19: 0 | M19: 0
A20: Supplies | B20: Power Squadron | D20: CHNYC Income | E20: 63 | F20: 0 | G20: 0 | H20: 0 | I20: 0 | J20: 0 | K20: 0 | M20: 0
A21: Training | B21: Power Squadron | D21: CHNYC Income | E21: 65 | F21: 0 | G21: 0 | H21: 0 | I21: 0 | J21: 0 | K21: 0 | M21: 0
A24: Total Planning Delta Expense | M24: =SUM(M18:M19) -> 0
A25: Total Planning Delta Income | M25: =SUM(M20:M21) -> 0
A26: Net Planning Delta | M26: =+M25-M24 -> 0

Sheet Rhodes
A1: Quicken Categories for Reporting | F1: Budget | G1: Actual | H1: Actual | I1: Actual | J1: Actual | K1: Actual | L1: Actual | M1: Actual | N1: Actual | O1: Actual | P1: Actual | Q1: Actual | R1: Approximate History
A2: Category | B2: Type | C2: Description | D2: Group | E2: Code | F2: 2022 | G2: 2021 | H2: 2020 | I2: 2019 | J2: 2018 | K2: 2017 | L2: 2016 | M2: 2015 | N2: 2014 | O2: 2013 | P2: 2012 | Q2: 2011 | R2: 2010 | S2: 2009 | T2: 2008
A3: Rhodes Race Awards | B3: Rhodes | D3: CHNYC Expense | E3: 69 | F3: 200 | G3: 171 | H3: 0 | I3: 164 | J3: 35 | K3: 324.78 | L3: 318.85 | M3: =113.75+M14 -> 113.75 | N3: 199 | O3: 227 | P3: 156.2 | Q3: 101.77 | R3: 198 | S3: 102 | T3: 6
A4: Rhodes | B4: Rhodes | C4: Add Tag for Sping or Fall | D4: CHNYC Income | E4: 21 | F4: =10*50 -> 500 | G4: 995 | H4: 50 | I4: 350 | J4: 725 | K4: =+K15 -> 325 | L4: =+L15 -> 500 | M4: =650+M15 -> 650 | N4: 450 | O4: 570 | P4: 425 | Q4: 400 | R4: 300 | S4: 240 | T4: =240+140 -> 380
A5: Check Rides | B5: Rhodes | D5: CHNYC Income | E5: 26 | F5: 0 | G5: 0 | H5: 0 | I5: 0 | J5: 0 | K5: 0 | L5: 0 | M5: =38.41+M16 -> 38.41 | N5: 0 | O5: 0 | Q5: 20 | R5: 20 | S5: 30 | T5: =62+23 -> 85
A6: Net | F6: =+F8+F7 -> 300 | G6: =+G8+G7 -> 824 | H6: =+H8+H7 -> 50 | I6: =+I8+I7 -> 186 | J6: =+J8+J7 -> 690 | K6: =+K8+K7 -> 0.22 | L6: =+L8+L7 -> 181.15 | M6: =+M8+M7 -> 574.66 | ... T6: =+T8+T7 -> 459
A7: Income | F7: =SUM(F4:F5) -> 500 | G7: =SUM(G4:G5) -> 995 | H7: =SUM(H4:H5) -> 50 | I7: =SUM(I4:I5) -> 350 | J7: =SUM(J4:J5) -> 725 | K7: =SUM(K4:K5) -> 325 | L7: =SUM(L4:L5) -> 500 | M7: =SUM(M4:M5) -> 688.41 | ... T7: =SUM(T4:T5) -> 465
A8: Expense | F8: =-SUM(F3:F3) -> -200 | G8: =-SUM(G3:G3) -> -171 | H8: =-SUM(H3:H3) -> 0 | I8: =-SUM(I3:I3) -> -164 | J8: =-SUM(J3:J3) -> -35 | K8: =-SUM(K3:K3) -> -324.78 | L8: =-SUM(L3:L3) -> -318.85 | M8: =-SUM(M3:M3) -> -113.75 | ... T8: =-SUM(T3:T3) -> -6
A12: Planning Deltas to sum in above | F12: Budget | G12: Budget | H12: Budget | I12: Budget | J12: Budget | K12: Actual | L12: Actual | M12: Actual
A13: Category | B13: Type | C13: Description | D13: Group | E13: Code | F13: =F2 -> 2022 | G13: =G2 -> 2021 | H13: =H2 -> 2020 | I13: =I2 -> 2019 | J13: =J2 -> 2018 | K13: =K2 -> 2017 | L13: 2016 | M13: 2015
A14: Rhodes Race Awards | B14: Rhodes | D14: CHNYC Expense | E14: 69 | F14: 0 | G14: 0 | H14: 0 | I14: 350 | J14: 350 | K14: 325 | L14: 350 | M14: 0 | N14: Awards for dinner
A15: Rhodes | B15: Rhodes | C15: Add Tag for Sping or Fall | D15: CHNYC Income | E15: 21 | F15: 0 | G15: 0 | H15: 0 | I15: 325 | J15: 325 | K15: 325 | L15: 500 | M15: 0
A16: Check Rides | B16: Rhodes | D16: CHNYC Income | E16: 26 | F16: 0 | G16: 0 | H16: 0 | I16: 0 | J16: 0 | K16: 0 | L16: 40 | M16: 0 | N16: Correct Admin Error
A19: Total Planning Delta Expense | F19: =F14 -> 0 | G19: =G14 -> 0 | H19: =H14 -> 0 | I19: =I14 -> 350 | J19: =J14 -> 350 | K19: =K14 -> 325 | M19: =+M14 -> 0
A20: Total Planning Delta Income | F20: =F15 -> 0 | G20: =G15 -> 0 | H20: =H15 -> 0 | I20: =I15 -> 325 | J20: =J15 -> 325 | K20: =K15 -> 325 | M20: =SUM(M15:M16) -> 0
A21: Net Planning Delta | M21: =+M20-M19 -> 0

Sheet Shields
A1: Quicken Categories for Reporting | F1: Budget | G1: Actual | H1: Actual | I1: Actual | J1: Actual | K1: Actual | L1: Actual | M1: Actual | N1: Actual | O1: Actual | P1: Actual | Q1: Actual | R1: Approximate History
A2: Category | B2: Type | C2: Descrip | D2: Group | E2: Code | F2: 2022 | G2: 2021 | H2: 2020 | I2: 2019 | J2: 2018 | K2: 2017 | L2: 2016 | M2: 2015 | N2: 2014 | O2: 2013 | P2: 2012 | Q2: 2011 | R2: 2010 | S2: 2009 | T2: 2008
A3: Commercail Yacht Policy | B3: Shields | D3: CHNYC Expense | E3: 61 | F3: 450 | G3: 1252 | H3: 0 | I3: 2616 | J3: 2534 | K3: 0 | L3: =238+1953+826-626-40-238-826 -> 1287 | M3: =1600+M43 -> 1600 | N3: 1569 | O3: 1547 | P3: 1046 | Q3: 1114 | R3: 1340 | S3: 1442 | T3: 1938
A4: Liability Insurance | B4: Shields | D4: CHNYC Expense | F4: 160 | G4: 0 | H4: 0 | I4: 0 | J4: 0 | K4: 0 | L4: 238
A5: Fleet 9 Shields National Registration | B5: Shields | D5: CHNYC Expense | E5: 67 | F5: 0 | G5: 0 | H5: 0 | I5: 0 | J5: 0 | K5: 50 | L5: 50 | M5: =+M44 -> 0 | N5: 50 | O5: 725 | P5: 410 | Q5: 390 | R5: =690+50 -> 740 | S5: =45+540 -> 585 | T5: 115
A6: Shields Race Awards | B6: Shields | D6: CHNYC Expense | E6: 70 | F6: 0 | G6: 0 | H6: 0 | I6: 0 | J6: 0 | K6: 0 | L6: 41.25 | M6: =129.5+M45 -> 129.5 | N6: 259 | O6: 215 | P6: 82.35 | Q6: 101.78 | R6: 80 | S6: 102
A7: Shields Equipment Expense | B7: Shields | D7: CHNYC Expense | E7: 70 | F7: 0 | G7: 0 | H7: 0 | I7: 164.19 | J7: 693.26 | K7: 174.02 | L7: 55.82 | M7: =276.05+M46 -> 276.05 | N7: 30.27 | O7: 974.42
A8: Shields Insurance Income | B8: Shields | D8: CHNYC Income | E8: 14 | F8: 450 | G8: 340 | H8: 0 | I8: 462 | J8: 1080 | K8: 1019 | L8: =427*3 -> 1281 | M8: =1560+M48 -> 1560 | N8: 1575 | O8: 1560 | P8: 1256 | Q8: 957.03 | R8: 1340 | S8: 1170 | T8: 1140
A9: Shields Insurance claim payment | B9: Shields | D9: CHNYC Income | F9: 0 | G9: 0 | H9: 0 | I9: 0 | J9: 254 | K9: 0 | L9: 1916.28
A10: Shields Race Income | B10: Shields | D10: CHNYC Income | E10: 22 | F10: 150 | G10: 75 | H10: 0 | I10: 683 | J10: 0 | K10: 317 | L10: =20*3 -> 60 | M10: =120+M49 -> 120 | N10: 100 | O10: 660 | P10: 195 | Q10: 420 | R10: 735 | S10: 770 | T10: =560+35 -> 595
A11: Shields Fleet 9 Winslow | B11: Shields | D11: CHNYC Income | F11: 0 | G11: 0 | H11: 0 | I11: 0 | J11: 0 | K11: 125 | L11: 125 | M11: =+M50 -> 0 | N11: 125 | O11: 150
A12: reg | F12: 0 | G12: 0 | H12: 0 | I12: 0 | J12: 0 | K12: 0 | L12: 0 | M12: =+M51 -> 0 | N12: 0 | O12: 1000
A13: Net | F13: =+F15+F14 -> -10 | G13: =+G15+G14 -> -837 | H13: =+H15+H14 -> 0 | I13: =+I15+I14 -> -1635.19 | J13: =+J15+J14 -> -1893.26 | K13: =+K15+K14 -> 1236.98 | L13: =+L15+L14 -> 1710.21 | M13: =+M15+M14 -> -325.55 | ... T13: =+T15+T14 -> -318
A14: Income | F14: =SUM(F8:F12) -> 600 | G14: =SUM(G8:G12) -> 415 | H14: =SUM(H8:H12) -> 0 | I14: =SUM(I8:I12) -> 1145 | J14: =SUM(J8:J12) -> 1334 | K14: =SUM(K8:K12) -> 1461 | L14: =SUM(L8:L12) -> 3382.28 | M14: =SUM(M8:M11) -> 1680 | N14: =SUM(N8:N11) -> 1800 | O14: =SUM(O8:O11) -> 2370 | P14: =SUM(P8:P11) -> 1451 | Q14: =SUM(Q8:Q11) -> 1377.03 | R14: =SUM(R8:R11) -> 2075 | S14: =SUM(S8:S11) -> 1940 | T14: =SUM(T8:T11) -> 1735
A15: Expense | F15: =-SUM(F3:F7) -> -610 | G15: =-SUM(G3:G7) -> -1252 | H15: =-SUM(H3:H7) -> 0 | I15: =-SUM(I3:I7) -> -2780.19 | J15: =-SUM(J3:J7) -> -3227.26 | K15: =-SUM(K3:K7) -> -224.02 | L15: =-SUM(L3:L7) -> -1672.07 | M15: =-SUM(M3:M7) -> -2005.55 | ... T15: =-SUM(T3:T7) -> -2053
A17: Notes: (1) Fleet 9 Winslow Expense accounts for the income CHNYC realizes from Fleet 9 for every Winslow Regatta.
A18: CNHYC gets a credit from Fleet 9 for every Shields that participates in the Winslow Regatta. Budget number based on 8 participants.
A19: Entered as an expense here, and as income under Race Committee, as this funds trophies for Shields competitors and misc RC Winslow expenses.
A21: RHIB Budget (Added to Shields Equipment Expense for 2015)
A22: Rubber Repair Kit | B22: Shields | D22: CHNYC Expense | F22: 60 | G22: 60 | H22: 60 | I22: 60 | J22: 60 | K22: 60 | L22: 60
A23: 2-stroke oil | B23: Shields | D23: CHNYC Expense | F23: 30 | G23: 30 | H23: 30 | I23: 30 | J23: 30 | K23: 30 | L23: 30 | N23: =SUM(L3:L5) -> 1575
A24: Fuel | B24: Shields | D24: CHNYC Expense | F24: 20 | G24: 20 | H24: 20 | I24: 20 | J24: 20 | K24: 20 | L24: 20
A25: Bottom paint | B25: Shields | D25: CHNYC Expense | F25: 65 | G25: 65 | H25: 65 | I25: 65 | J25: 65 | K25: 65 | L25: 65
A26: Painting materials | B26: Shields | D26: CHNYC Expense | F26: 20 | G26: 20 | H26: 20 | I26: 20 | J26: 20 | K26: 20 | L26: 20
A27: Cleaner | B27: Shields | D27: CHNYC Expense | F27: 37 | G27: 37 | H27: 37 | I27: 37 | J27: 37 | K27: 37 | L27: 37
A28: Spark plug | B28: Shields | D28: CHNYC Expense | F28: 3 | G28: 3 | H28: 3 | I28: 3 | J28: 3 | K28: 3 | L28: 3
A29: Gas tank | B29: Shields | D29: CHNYC Expense | F29: 55 | G29: 55 | H29: 55 | I29: 55 | J29: 55 | K29: 55 | L29: 55
A30: Tank hose | B30: Shields | D30: CHNYC Expense | F30: 45 | G30: 45 | H30: 45 | I30: 45 | J30: 45 | K30: 45 | L30: 45
A31: 90 wt lower unit oil | B31: Shields | D31: CHNYC Expense | F31: 11 | G31: 11 | H31: 11 | I31: 11 | J31: 11 | K31: 11 | L31: 11
A32: Squirt tube for lower unit oil | B32: Shields | D32: CHNYC Expense | F32: 8 | G32: 8 | H32: 8 | I32: 8 | J32: 8 | K32: 8 | L32: 8
A33: Registration | B33: Shields | D33: CHNYC Expense
A34: Boat | B34: Shields | D34: CHNYC Expense | F34: 35 | G34: 35 | H34: 35 | I34: 35 | J34: 35 | K34: 35 | L34: 35
A35: Engine | B35: Shields | D35: CHNYC Expense | F35: 40 | G35: 40 | H35: 40 | I35: 40 | J35: 40 | K35: 40 | L35: 40
A36: Contingency | B36: Shields | D36: CHNYC Expense | F36: 200 | G36: 200 | H36: 200 | I36: 200 | J36: 200 | K36: 200 | L36: 200
F37: 0 | G37: 0 | H37: 0 | I37: 0 | J37: 0 | K37: 0 | L37: 0
A41: Planning Deltas to sum in above | F41: Budget | G41: Budget | H41: Budget | I41: Budget | J41: Budget | K41: Actual | L41: Actual | M41: Actual
A42: Category | B42: Type | C42: Description | D42: Group | E42: Code | F42: =F2 -> 2022 | G42: =G2 -> 2021 | H42: =H2 -> 2020 | I42: =I2 -> 2019 | J42: =J2 -> 2018 | K42: =K2 -> 2017 | L42: 2016 | M42: 2015
A43: Shields Policy | B43: Shields | D43: CHNYC Expense | E43: 61 | F43: 0 | G43: 0 | H43: 0 | I43: 0 | J43: 2479 | K43: 2479 | M43: 0
A44: Shields National Registration | B44: Shields | D44: CHNYC Expense | E44: 67 | F44: 0 | G44: 0 | H44: 0 | I44: 0 | J44: =J5 -> 0 | K44: =K5 -> 50 | M44: 0
A45: Shields Race Awards | B45: Shields | D45: CHNYC Expense | E45: 70 | F45: 0 | G45: 0 | H45: 0 | I45: 0 | J45: =J6 -> 0 | K45: =K6 -> 0 | M45: 0 | N45: For awards dinner
A46: Shields Equipment Expense | B46: Shields | D46: CHNYC Expense | E46: 70 | F46: 0 | G46: 0 | H46: 0 | I46: 0 | J46: 174 | K46: 174 | N46: Winter storage dinghy supplies
A47: Fleet 9 Winslow Expense | B47: Shields | D47: CHNYC Expense | F47: 0 | G47: 0 | H47: 0 | I47: 0 | J47: =J5 -> 0 | K47: =K5 -> 50 | M47: 0
A48: Shields Insurance Income | B48: Shields | D48: CHNYC Income | E48: 14 | F48: 0 | G48: 0 | H48: 0 | I48: 0 | J48: 1019 | K48: 1019 | M48: 0
A49: Race Income Shields | B49: Shields | D49: CHNYC Income | E49: 22 | F49: 0 | G49: 0 | H49: 0 | I49: 0 | J49: 317 | K49: 317 | M49: 0
A50: Fleet 9 Winslow Income (1) | B50: Shields | D50: CHNYC Income | F50: 0 | G50: 0 | H50: 0 | I50: 0 | J50: 125 | K50: 125 | M50: 0
A51: Shields Donations | F51: 0 | G51: 0 | H51: 0 | I51: 0 | J51: 0 | K51: 0
A53: Total Planning Delta Expense | F53: =F43+F44+F45+F46+F47 -> 0 | G53: =G43+G44+G45+G46+G47 -> 0 | H53: =H43+H44+H45+H46+H47 -> 0 | I53: =I43+I44+I45+I46+I47 -> 0 | J53: =J43+J44+J45+J46+J47 -> 2653 | K53: =K43+K44+K45+K46+K47 -> 2753 | M53: =SUM(M43:M47) -> 0
A54: Total Planning Delta Income | F54: =F48+F49+F50+F51 -> 0 | G54: =G48+G49+G50+G51 -> 0 | H54: =H48+H49+H50+H51 -> 0 | I54: =I48+I49+I50+I51 -> 0 | J54: =J48+J49+J50+J51 -> 1461 | K54: =K48+K49+K50+K51 -> 1461 | M54: =SUM(M48:M50) -> 0
A55: Net Planning Delta | M55: =+M54-M53 -> 0

Sheet Social
A1: Quicken Categories for Reporting | F1: Budget | G1: Actual | H1: Actual | I1: Actual | J1: Actual | K1: Actual | L1: Actual | M1: Actual | N1: Actual | O1: Actual | P1: Actual | Q1: Actual | R1: Approximate History
A2: Category | B2: Type | C2: Description | D2: Group | E2: Code | F2: 2022 | G2: 2021 | H2: 2020 | I2: 2019 | J2: 2018 | K2: 2017 | L2: 2016 | M2: 2015 | N2: 2014 | O2: 2013 | P2: 2012 | Q2: 2011 | R2: 2010 | S2: 2009 | T2: 2008
A3: Awards Dinner | B3: Social | D3: CHNYC Expense | E3: 54 | F3: 4500 | G3: 4532.69 | H3: 0 | I3: =4250+60 -> 4310 | J3: 3781.32 | K3: 5024.62 | L3: 2927.42 | M3: =4470+M23 -> 4470 | N3: 4688.61 | O3: 2275 | P3: 2238.77 | Q3: 2176.42 | R3: 1385 | S3: 1926 | T3: 131
A4: Commissioning | B4: Social | D4: CHNYC Expense | E4: 55 | F4: 0 | G4: 0 | H4: 500 | I4: 3077 | J4: 3728.91 | K4: 6041.2 | L4: 7414.79 | M4: =3208.4+M24 -> 3208.4 | N4: 3910.88 | O4: 2550 | P4: 4225.95 | Q4: 3698.36 | R4: 2010 | S4: 1584 | T4: 3853
A5: Social Event Name #1 | B5: Social | C5: Bowling 1 | D5: CHNYC Expense | E5: 53 | F5: 50 | G5: 0 | H5: 197.2 | I5: 339.3 | J5: 325 | K5: 767.29 | L5: 213 | M5: =+M22 -> 0 | N5: 610.28
A6: Social Event Name #2 | B6: Social | C6: Winslow - potluck | D6: CHNYC Expense | E6: 56 | F6: 0 | G6: 0 | H6: 0 | I6: 0 | J6: 0 | K6: 0 | L6: 200 | M6: =747.68+M25 -> 747.68 | O6: 759.91 | P6: 853.91 | Q6: 660.58 | R6: =660+362+183 -> 1205 | S6: =81+23 -> 104 | T6: =369+100+500+700 -> 1669
A7: Social Event Name #3 | B7: Social | C7: Pizza | D7: CHNYC Expense | E7: 56 | F7: 250 | G7: 81.57 | H7: 0 | I7: 0 | J7: 0 | K7: 0 | L7: 695 | M7: =747.68+M26 -> 747.68 | O7: 759.91 | P7: 853.91 | Q7: 660.58 | R7: =660+362+183 -> 1205 | S7: =81+23 -> 104 | T7: =369+100+500+700 -> 1669
A8: Awards Dinner | B8: Social | C8: @ 80% of exp | D8: CHNYC Income | E8: 10 | F8: 3500 | G8: 2285.87 | H8: 0 | I8: 2764.72 | J8: 2408.56 | K8: 3252 | L8: 2425 | M8: =2901+M27 -> 2901 | N8: 3107 | O8: 2036 | P8: 2120 | Q8: 1665 | R8: 1130 | S8: 1323 | T8: 1580 | U8: 0
A9: Commissioning | B9: Social | C9: @ 80% of exp | D9: CHNYC Income | E9: 11 | F9: 0 | G9: 0 | H9: 0 | I9: 4050 | J9: 2803.15 | K9: 2733 | L9: 4003.32 | M9: =2068+M28 -> 2068 | N9: 2809 | O9: 2339 | P9: 2135 | Q9: 1835 | R9: 1160 | S9: 1666 | T9: 3120
A10: Social Event Name #1 | B10: Social | C10: Bowling 1 | D10: CHNYC Income | E10: 9 | F10: 50 | G10: 250 | H10: 160 | I10: 330 | J10: 372.55 | K10: 170 | L10: 240 | M10: =+M26 -> 0
A11: Social Event Name #2 | B11: Social | C11: Winslow - potluck | D11: CHNYC Income | F11: 0 | G11: 0 | H11: 0 | I11: 0 | J11: 0 | K11: 0 | L11: 0
A12: Social Event Name #3 | B12: Social | C12: Pizza | D12: CHNYC Income | E12: 12 | F12: 250 | G12: 0 | H12: 0 | I12: 0 | J12: 0 | K12: 0 | L12: 0 | M12: =395+M29 -> 395 | N12: 315 | O12: 569 | P12: 260 | Q12: 140 | R12: =560+175 -> 735 | T12: 485
A13: Net | F13: =+F15+F14 -> -1000 | G13: =+G15+G14 -> -2078.39 | H13: =+H15+H14 -> -537.2 | I13: =+I15+I14 -> -581.58 | J13: =+J15+J14 -> -2250.97 | K13: =+K15+K14 -> -5678.11 | L13: =+L15+L14 -> -4781.89 | M13: =+M15+M14 -> -3809.76 | ... T13: =+T15+T14 -> -2137
A14: Income | F14: =SUM(F8:F12) -> 3800 | G14: =SUM(G8:G12) -> 2535.87 | H14: =SUM(H8:H12) -> 160 | I14: =SUM(I8:I12) -> 7144.72 | J14: =SUM(J8:J12) -> 5584.26 | K14: =SUM(K8:K12) -> 6155 | L14: =SUM(L8:L12) -> 6668.32 | M14: =SUM(M8:M12) -> 5364 | ... T14: =SUM(T8:T12) -> 5185
A15: Expense | F15: =-SUM(F3:F7) -> -4800 | G15: =-SUM(G3:G7) -> -4614.26 | H15: =-SUM(H3:H7) -> -697.2 | I15: =-SUM(I3:I7) -> -7726.3 | J15: =-SUM(J3:J7) -> -7835.23 | K15: =-SUM(K3:K7) -> -11833.11 | L15: =-SUM(L3:L7) -> -11450.21 | M15: =-SUM(M3:M7) -> -9173.76 | ... T15: =-SUM(T3:T7) -> -7322
A20: Planning Deltas to sum in above | F20: Budget | G20: Budget | H20: Budget | I20: Budget | J20: Budget | K20: Actual | L20: Actual | M20: Actual
A21: Category | B21: Type | C21: Description | D21: Group | E21: Code | F21: =F2 -> 2022 | G21: =G2 -> 2021 | H21: =H2 -> 2020 | I21: =I2 -> 2019 | J21: =J2 -> 2018 | K21: =K2 -> 2017 | L21: 2016 | M21: 2015
A22: Social Event Name #1 | B22: Social | C22: Bowling 1 | D22: CHNYC Expense | E22: 53 | F22: 0 | G22: 0 | H22: 0 | I22: 0 | J22: 170 | K22: 170 | L22: 450 | M22: 0
A23: Awards Dinner | B23: Social | D23: CHNYC Expense | E23: 54 | F23: 0 | G23: 0 | H23: 0 | I23: 0 | J23: 2700 | K23: 2700 | L23: 2700 | M23: 0
A24: Commissioning | B24: Social | D24: CHNYC Expense | E24: 55 | F24: 0 | G24: 0 | H24: 0 | I24: 0 | J24: =2900+196 -> 3096 | K24: =2900+196 -> 3096 | L24: =2900+196 -> 3096 | M24: 0
A25: Social Event Name #2 | B25: Social | C25: Bowling 2 | D25: CHNYC Expense | E25: 56 | F25: 0 | G25: 0 | H25: 0 | I25: 0 | J25: 450 | K25: 450 | L25: 450 | M25: 0
A26: Social Event Name #1 | B26: Social | C26: Pizza Party | D26: CHNYC Income | E26: 9 | F26: 0 | G26: 0 | H26: 0 | I26: 0 | J26: 350 | K26: 350 | L26: 350 | M26: 0
A27: Awards Dinner | B27: Social | D27: CHNYC Income | E27: 10 | F27: 0 | G27: 0 | H27: 0 | I27: 0 | J27: 2100 | K27: 2100 | L27: 2100 | M27: 0
A28: Commissioning | B28: Social | D28: CHNYC Income | E28: 11 | F28: 0 | G28: 0 | H28: 0 | I28: 0 | J28: 2300 | K28: 2300 | L28: 2300 | M28: 0
A29: Social Event Name #2 | B29: Social | C29: Movies under the stars | D29: CHNYC Income | E29: 12 | F29: 0 | G29: 0 | H29: 0 | I29: 0 | J29: 350 | K29: 350 | L29: 350 | M29: 0
A31: Total Planning Delta Expense | M31: =SUM(M22:M25) -> 0
A32: Total Planning Delta Income | M32: =SUM(M26:M29) -> 0
A33: Net Planning Delta | M33: =+M32-M31 -> 0

Sheet Store
A1: Quicken Categories for Reporting | F1: Budget | G1: Actual | H1: Actual | I1: Actual | J1: Actual | K1: Actual | L1: Actual | M1: Actual | N1: Actual | O1: Actual | P1: Actual | Q1: Actual | R1: Approximate History
A2: Category | B2: Type | C2: Description | D2: Group | E2: Code | F2: 2022 | G2: 2021 | H2: 2020 | I2: 2019 | J2: 2018 | K2: 2017 | L2: 2016 | M2: 2015 | N2: 2014 | O2: 2013 | P2: 2012 | Q2: 2011 | R2: 2010 | S2: 2009 | T2: 2008
A3: Ship's Store Expense | B3: Ship's Store | D3: CHNYC Expense | E3: 76 | F3: 0 | G3: 0 | H3: 0 | I3: =+I18 -> 0 | J3: =+J18 -> 0 | K3: =+K18 -> 0 | L3: =+L18 -> 0 | M3: =+M18 -> 0 | R3: 1585 | S3: 874 | T3: 2392
A4: Apparel | B4: Ship's Store | D4: CHNYC Expense | E4: 77 | F4: 0 | G4: =+G19 -> 0 | H4: =+H19 -> 0 | I4: =+I19 -> 0 | J4: =+J19 -> 0 | K4: =+K19 -> 0 | L4: =+L19 -> 0 | M4: =+M19 -> 0 | N4: 0 | O4: 0 | P4: 129.95 | Q4: 9.45
A5: Burgees | B5: Ship's Store | D5: CHNYC Expense | E5: 78 | F5: 630 | G5: 617.7 | H5: 0 | I5: 0 | J5: 660.415 | K5: 626.37 | L5: 623.41 | M5: =665.07+M20 -> 665.07 | N5: 26.21 | O5: 591.12 | P5: 578.62 | Q5: 541.12
A6: Other-Challenge Coins | B6: Ship's Store | D6: CHNYC Expense | E6: 79 | F6: 741.5 | G6: 741.5 | H6: 0 | I6: 58.56 | J6: =+J21 -> 0 | K6: =+K21 -> 0 | L6: =+L21 -> 0 | M6: =+M21 -> 0 | N6: 0 | O6: 0 | P6: 177.71 | Q6: 535.85
A7: Ship's Store Income | B7: Ship's Store | D7: CHNYC Income | E7: 27 | F7: 0 | G7: 0 | H7: 0 | I7: 0 | J7: =+J22 -> 0 | K7: =+K22 -> 0 | L7: =+L22 -> 0 | M7: =+M22 -> 0 | R7: 1931 | T7: =2235+285 -> 2520
A8: Apparel | B8: Ship's Store | D8: CHNYC Income | E8: 28 | F8: 0 | G8: 0 | H8: 0 | I8: =+I23 -> 0 | J8: =+J23 -> 0 | K8: =+K23 -> 0 | L8: =+L23 -> 0 | M8: =197.85+M23 -> 197.85 | N8: 309.8 | O8: 937 | P8: 778 | Q8: 1821.4
A9: Burgees | B9: Ship's Store | D9: CHNYC Income | E9: 29 | F9: 630 | G9: 446.71 | H9: 140.64 | I9: 389.62 | J9: 473 | K9: 382.5 | L9: 685 | M9: 547.5 | N9: 570 | O9: 410 | P9: 370.5 | Q9: 50
A10: Other - Challenge Coins | B10: Ship's Store | D10: CHNYC Income | E10: 30 | F10: 741.5 | G10: =+G25 -> 0 | H10: =+H25 -> 0 | I10: =+I25 -> 0 | J10: =+J25 -> 0 | K10: 40 | L10: =+L25 -> 0 | M10: =+M25 -> 0 | N10: 8 | O10: 28
A11: Net | F11: =+F13+F12 -> 0 | G11: =+G13+G12 -> -912.49 | H11: =+H13+H12 -> 140.64 | I11: =+I13+I12 -> 331.06 | J11: =+J13+J12 -> -187.415 | K11: =+K13+K12 -> -203.87 | L11: =+L13+L12 -> 61.59 | M11: =+M13+M12 -> 80.28 | ... T11: =+T13+T12 -> 128
A12: Income | F12: =SUM(F7:F10) -> 1371.5 | G12: =SUM(G7:G10) -> 446.71 | H12: =SUM(H7:H10) -> 140.64 | I12: =SUM(I7:I10) -> 389.62 | J12: =SUM(J7:J10) -> 473 | K12: =SUM(K7:K10) -> 422.5 | L12: =SUM(L7:L10) -> 685 | M12: =SUM(M7:M10) -> 745.35 | ... T12: =SUM(T7:T10) -> 2520
A13: Expense | F13: =-SUM(F3:F6) -> -1371.5 | G13: =-SUM(G3:G6) -> -1359.2 | H13: =-SUM(H3:H6) -> 0 | I13: =-SUM(I3:I6) -> -58.56 | J13: =-SUM(J3:J6) -> -660.415 | K13: =-SUM(K3:K6) -> -626.37 | L13: =-SUM(L3:L6) -> -623.41 | M13: =-SUM(M3:M6) -> -665.07 | ... T13: =-SUM(T3:T6) -> -2392
A16: Planning Deltas to sum in above | F16: Budget | G16: Budget | H16: Budget | I16: Budget | J16: Budget | K16: Actual | L16: Actual | M16: Actual
A17: Category | B17: Type | C17: Description | D17: Group | E17: Code | F17: =F2 -> 2022 | G17: =G2 -> 2021 | H17: =H2 -> 2020 | I17: =I2 -> 2019 | J17: =J2 -> 2018 | K17: =K2 -> 2017 | L17: 2016 | M17: 2015
A18: Ship's Store Expense | B18: Ship's Store | D18: CHNYC Expense | E18: 76 | M18: 0
A19: Apparel | B19: Ship's Store | D19: CHNYC Expense | E19: 77 | M19: 0
A20: Burgees | B20: Ship's Store | D20: CHNYC Expense | E20: 78 | F20: =F5 -> 630 | G20: =G5 -> 617.7 | H20: =H5 -> 0 | I20: =I5 -> 0 | J20: =J5 -> 660.415 | K20: =K5 -> 626.37 | L20: 600 | M20: 0
A21: Other | B21: Ship's Store | D21: CHNYC Expense | E21: 79 | M21: 0
A22: Ship's Store Income | B22: Ship's Store | D22: CHNYC Income | E22: 27 | M22: 0
A23: Apparel | B23: Ship's Store | D23: CHNYC Income | E23: 28 | M23: 0
A24: Burgees | B24: Ship's Store | D24: CHNYC Income | E24: 29 | F24: =F9 -> 630 | G24: =G9 -> 446.71 | H24: =H9 -> 140.64 | I24: =I9 -> 389.62 | J24: =J9 -> 473 | K24: =K9 -> 382.5 | L24: 600 | M24: 0
A25: Other | B25: Ship's Store | D25: CHNYC Income | E25: 30 | M25: 0
A27: Total Planning Delta Expense | F27: =F20 -> 630 | G27: =G20 -> 617.7 | H27: =H20 -> 0 | I27: =I20 -> 0 | J27: =J20 -> 660.415 | K27: =K20 -> 626.37 | M27: =SUM(M18:M21) -> 0
A28: Total Planning Delta Income | F28: =F24 -> 630 | G28: =G24 -> 446.71 | H28: =H24 -> 140.64 | I28: =I24 -> 389.62 | J28: =J24 -> 473 | K28: =K24 -> 382.5 | M28: =SUM(M22:M25) -> 0
A29: Net Planning Delta | F29: =F27-F28 -> 0 | G29: =G27-G28 -> 170.99 | H29: =H27-H28 -> -140.64 | I29: =I27-I28 -> -389.62 | J29: =J27-J28 -> 187.415 | K29: =K27-K28 -> 243.87 | L29: =L27-L28 -> 0 | M29: =M27-M28 -> 0

Sheet WorkingBudget
A1: Quicken Categories for Reporting | B1: Budget | C1: Actual | D1: Actual | E1: Actual | F1: Actual | G1: Actual | H1: Actual
A2: Category | B2: 2019 | C2: 2018 | D2: 2017 | E2: 2016 | F2: 2015 | G2: 2014 | H2: 2013
A3: Administrative Net Income/(Expense) | B3: =Admin!I25 -> 4593.41 | C3: =Admin!J25 -> 5079 | D3: =Admin!K25 -> 4335.63 | E3: =Admin!L25 -> 4321.86 | F3: =Admin!M25 -> 5809.86 | G3: =Admin!N25 -> 5353.63 | H3: =Admin!O25 -> 5145.21
A4: Bill Kneller
A5: Members | B5: 280 | C5: 280 | D5: 281 | E5: 281 | F5: 281 | G5: 209 | H5: 200
A7: Cruising Squadron Net Income/(Expense) | B7: =Cruising!I7 -> 0 | C7: =Cruising!J7 -> -300 | D7: =Cruising!K7 -> -300 | E7: =Cruising!L7 -> 0 | F7: =Cruising!M7 -> -571.28 | G7: =Cruising!N7 -> -22.98 | H7: =Cruising!O7 -> 0
A8: Jeff Schuldheiss
A9: # of CHNYC members participating | B9: 54 | C9: 54 | D9: 54 | E9: 54 | F9: 54 | G9: 54
A10: $ per participant | B10: =B7/B9 -> 0 | C10: =C7/C9 -> -5.5555556 | D10: =D7/D9 -> -5.5555556 | E10: =E7/E9 -> 0 | F10: =F7/F9 -> -10.579259 | G10: =G7/G9 -> -0.42555556
A12: Facilities | B12: =Facilities!I6 -> -2252 | C12: =Facilities!J6 -> -275 | D12: =Facilities!K6 -> -1291.49 | E12: =Facilities!L6 -> -128.94 | F12: =Facilities!M6 -> -1463.58 | G12: =Facilities!N6 -> 0 | H12: =Facilities!O6 -> 0
A13: Paul Schmidle
A14: # of CHNYC members participating
A15: $ per participant
A17: Power Squadron Net Income/(Expense) | B17: =Power!I8 -> 0 | C17: =Power!J8 -> -40 | D17: =Power!K8 -> -200 | E17: =Power!L8 -> -40 | F17: =Power!M8 -> 0 | G17: =Power!N8 -> 0 | H17: =Power!O8 -> -27.25
A18: Mike/Jeanne Van Vleck
A19: # of CHNYC members participating | B19: 9 | C19: 9 | D19: 9 | E19: 9 | F19: 9 | G19: 9
A20: $ per participant | B20: =B17/B19 -> 0 | C20: =C17/C19 -> -4.4444444 | D20: =D17/D19 -> -22.222222 | E20: =E17/E19 -> -4.4444444 | F20: =F17/F19 -> 0 | G20: =G17/G19 -> 0
A22: Race Committee Net | B22: ='Race Comm'!I14 -> 475.78 | C22: ='Race Comm'!J14 -> -1285.99 | D22: ='Race Comm'!K14 -> -1708.79 | E22: ='Race Comm'!L14 -> -769.64 | F22: ='Race Comm'!M14 -> -975.99 | G22: ='Race Comm'!N14 -> -614.97 | H22: ='Race Comm'!O14 -> -580
A23: Jane Eaton
A24: # of CHNYC members participating
A25: $ per participant | B25: =B22/B24 -> #DIV/0! | C25: =C22/C24 -> #DIV/0! | D25: =D22/D24 -> #DIV/0! | E25: =E22/E24 -> #DIV/0! | F25: =F22/F24 -> #DIV/0! | G25: =G22/G24 -> #DIV/0!
A27: Rhodes Racing Net Income/(Expense | B27: =Rhodes!I6 -> 186 | C27: =Rhodes!J6 -> 690 | D27: =Rhodes!K6 -> 0.22 | E27: =Rhodes!L6 -> 181.15 | F27: =Rhodes!M6 -> 574.66 | G27: =Rhodes!N6 -> 251 | H27: =Rhodes!O6 -> 343
A28: Mike McDonald
A29: # of CHNYC members participating | B29: 29 | C29: 29 | D29: 29 | E29: 29 | F29: 29 | G29: 29
A30: $ per participant | B30: =B27/B29 -> 6.4137931 | C30: =C27/C29 -> 23.793103 | D30: =D27/D29 -> 0.0075862069 | E30: =E27/E29 -> 6.2465517 | F30: =F27/F29 -> 19.815862 | G30: =G27/G29 -> 8.6551724
A32: Sail Training Income/(Expense) | B32: =Training!J7 -> -858.21 | C32: =Training!K7 -> -1410.6 | D32: =Training!L7 -> 0 | E32: =Training!M7 -> -1658.54 | F32: =Training!N7 -> -1658.54 | G32: =Training!O7 -> -405.06 | H32: =Training!P7 -> -721.26
A33: Don O'Brien/Dave Wilson
A34: # of CHNYC members participating | B34: 37 | C34: 37 | D34: 37 | E34: 37 | F34: 37 | G34: 37
A35: $ per participant | B35: =B32/B34 -> -23.194865 | C35: =C32/C34 -> -38.124324 | D35: =D32/D34 -> 0 | E35: =E32/E34 -> -44.825405 | F35: =F32/F34 -> -44.825405 | G35: =G32/G34 -> -10.947568
A37: Shields Net Income/(Expense) | B37: =Shields!I13 -> -1635.19 | C37: =Shields!J13 -> -1893.26 | D37: =Shields!K13 -> 1236.98 | E37: =Shields!L13 -> 1710.21 | F37: =Shields!M13 -> -325.55 | G37: =Shields!N13 -> -108.27 | H37: =Shields!O13 -> -1091.42
A38: Ron Oard
A39: # of CHNYC members participating | B39: 18 | C39: 18 | D39: 18 | E39: 18 | F39: 18 | G39: 18
A40: $ per participant | B40: =B37/B39 -> -90.843889 | C40: =C37/C39 -> -105.18111 | D40: =D37/D39 -> 68.721111 | E40: =E37/E39 -> 95.011667 | F40: =F37/F39 -> -18.086111 | G40: =G37/G39 -> -6.015
A42: Ships Store | B42: =Store!I11 -> 331.06 | C42: =Store!J11 -> -187.415 | D42: =Store!K11 -> -203.87 | E42: =Store!L11 -> 61.59 | F42: =Store!M11 -> 80.28 | G42: =Store!N11 -> 861.59 | H42: =Store!O11 -> 783.88
A43: Bill Kneller
A44: # of CHNYC members participating
A45: $ per participant | B45: =B42/B44 -> #DIV/0! | C45: =C42/C44 -> #DIV/0! | D45: =D42/D44 -> #DIV/0! | E45: =E42/E44 -> #DIV/0! | F45: =F42/F44 -> #DIV/0! | G45: =G42/G44 -> #DIV/0!
A47: Social | B47: =Social!I13 -> -581.58 | C47: =Social!J13 -> -2250.97 | D47: =Social!K13 -> -5678.11 | E47: =Social!L13 -> -4781.89 | F47: =Social!M13 -> -3809.76 | G47: =Social!N13 -> -2978.77 | H47: =Social!O13 -> -1400.82
A48: Cheryl/Mike Marrone
A49: # of CHNYC members participating | B49: 64 | C49: 64 | D49: 64 | E49: 64 | F49: 64
A50: $ per participant | B50: =B47/B49 -> -9.0871875 | C50: =C47/C49 -> -35.171406 | D50: =D47/D49 -> -88.720469 | E50: =E47/E49 -> -74.717031 | F50: =F47/F49 -> -59.5275 | G50: =G47/G49 -> #DIV/0!
A52: Total Net Income (Expense) | B52: =+B3+B7+B12+B17+B22+B27+B32+B37+B42+B47 -> 259.27 | C52: =+C3+C7+C12+C17+C22+C27+C32+C37+C42+C47 -> -1874.235 | D52: =+D3+D7+D12+D17+D22+D27+D32+D37+D42+D47 -> -3809.43 | E52: =+E3+E7+E12+E17+E22+E27+E32+E37+E42+E47 -> -1104.2 | F52: =+F3+F7+F12+F17+F22+F27+F32+F37+F42+F47 -> -2339.9 | G52: =+G3+G7+G12+G17+G22+G27+G32+G37+G42+G47 -> 2336.17 | H52: =+H3+H7+H12+H17+H22+H27+H32+H37+H42+H47 -> 2451.34
A53: Checksum with Budget Tab (0 is Good) | B53: =+B52-Budget!F85 -> 259.27 | C53: =+C52-Budget!K85 -> -588.39 | D53: =+D52-Budget!M85 -> 385.3 | E53: =+E52-Budget!O85 -> -20.26 | F53: =+F52-Budget!L85 -> -2339.9 | G53: =+G52-Budget!M85 -> 6530.9 | H53: =+H52-Budget!N85 -> 2451.34
A55: Net Planning Deltas | B55: =+Admin!A55+Cruising!A23+Facilities!A22+Power!A26+'Race Comm'!A47+Rhodes!A21+Training!A22+Shields!A55+Social!A33+Store!A29 -> #VALUE! | C55: =+Admin!B55+Cruising!B23+Facilities!B22+Power!B26+'Race Comm'!B47+Rhodes!B21+Training!B22+Shields!B55+Social!B33+Store!B29 -> 0 | D55: =+Admin!C55+Cruising!C23+Facilities!C22+Power!C26+'Race Comm'!C47+Rhodes!C21+Training!C22+Shields!C55+Social!C33+Store!C29 -> 0 | E55: =+Admin!E55+Cruising!E23+Facilities!E22+Power!E26+'Race Comm'!E47+Rhodes!E21+Training!E22+Shields!E55+Social!E33+Store!E29 -> 0 | F55: =+Admin!M55+Cruising!M23+Facilities!M22+Power!M26+'Race Comm'!M45+Rhodes!M21+Training!N22+Shields!M55+Social!M33+Store!M29 -> 0
A56: Planning Expense Delta | B56: =-(+Admin!A53+Cruising!A21+Facilities!A20+Power!A24+'Race Comm'!A45+Rhodes!A19+Training!A20+Shields!A53+Social!A31+Store!A27) -> #VALUE! | C56: =-(+Admin!B53+Cruising!B21+Facilities!B20+Power!B24+'Race Comm'!B45+Rhodes!B19+Training!B20+Shields!B53+Social!B31+Store!B27) -> 0 | D56: =-(+Admin!C53+Cruising!C21+Facilities!C20+Power!C24+'Race Comm'!C45+Rhodes!C19+Training!C20+Shields!C53+Social!C31+Store!C27) -> 0 | E56: =-(+Admin!E53+Cruising!E21+Facilities!E20+Power!E24+'Race Comm'!E45+Rhodes!E19+Training!E20+Shields!E53+Social!E31+Store!E27) -> 0 | F56: =-(+Admin!M53+Cruising!M21+Facilities!M20+Power!M24+'Race Comm'!M43+Rhodes!M19+Training!N20+Shields!M53+Social!M31+Store!M27) -> 0
A57: Planning Income Delta | B57: =+Admin!A54+Cruising!A22+Facilities!A21+Power!A25+'Race Comm'!A46+Rhodes!A20+Training!A21+Shields!A54+Social!A32+Store!A28 -> #VALUE! | C57: =+Admin!B54+Cruising!B22+Facilities!B21+Power!B25+'Race Comm'!B46+Rhodes!B20+Training!B21+Shields!B54+Social!B32+Store!B28 -> 0 | D57: =+Admin!C54+Cruising!C22+Facilities!C21+Power!C25+'Race Comm'!C46+Rhodes!C20+Training!C21+Shields!C54+Social!C32+Store!C28 -> 0 | E57: =+Admin!E54+Cruising!E22+Facilities!E21+Power!E25+'Race Comm'!E46+Rhodes!E20+Training!E21+Shields!E54+Social!E32+Store!E28 -> 0 | F57: =+Admin!M54+Cruising!M22+Facilities!M21+Power!M25+'Race Comm'!M44+Rhodes!M20+Training!N21+Shields!M54+Social!M32+Store!M28 -> 0
